Workbook

Sheet CoverSheet
A1: Journal of Industrial Ecology – www.wileyonlinelibrary.com/journal/jie
A3: SUPPORTING INFORMATION FOR:
A5: Iliev, B., Brownell, H., Bentessen, N.S., Arto, I., Wood, R., Weimar, H. & , Andersen, A. Carbon budgets and climate footprints: the case of the Swedish wood-based economy. Journal of Industrial Ecology.
A9: This supporting information provides data from figures 2 and 3, as well as from the aggregated tables 2 and 3 shown in the manuscript. In addition, the following information is provided: 1) a concordance table between Statistics Sweden's and EXIOBASE's product classifications (sheet 'SCB_EXIOBASE_concordance_table'); 2) A list of wood-based and wood-related industries and products in the Swedish SUT and IOT (sheet ‘wood-based_products_industries’); 3) A comparison of the Swedish industry and product-based output and emissions (sheet ‘industry_product_based_emission’); 4) a table with conversion factors from wood mass or volume to wood fibre equivalent and carbon (sheet 'conversion factors_WFE_carbon'); and 5) bottom-up approached for the calculation of the pulp and paper industry's black liquor and tall oil pitch consumption (sheet 'black_liquor_bottom-up_approach').

Sheet data_from_fig_3_in_manuscript
A1: Label | B1: Biogenic CO2, 1000 t | C1: WFE, 1000 t | D1: Carbon, 1000 t
A2: Energy wood, domestic supply | B2: 9486 | C2: 11200 | D2: 2587
A3: Residues, chips etc. import | B3: 1585 | C3: 2124 | D3: 432
A4: Residues from parks and gardens | B4: 5926 | C4: 6997 | D4: 1616
A5: Pulpwood domestic supply | B5: 30746 | C5: 36300 | D5: 8385
A6: Pulpwood import | B6: 1193 | C6: 1396 | D6: 325
A7: Pulpwood use for pulp and paper production | B7: 30181 | C7: 35253 | D7: 8231
A8: Pulpwood export | B8: 2082 | C8: 2821 | D8: 568
A9: Sawlogs domestic supply | B9: 38200 | C9: 45100 | D9: 10418
A10: Sawlogs import | B10: 4131 | C10: 4739 | D10: 1127
A11: Sawlogs export | B11: 691 | C11: 911 | D11: 188
A12: Sawmilling | B12: 39141 | C12: 45992 | D12: 10675
A13: Sawlogs use for wood product manufacturing | B13: 1245 | C13: 1463 | D13: 340
... A70: Paper waste recycling | B70: 625 | C70: 793 | D70: 170

Sheet data_from_fig_4_in_manuscript
B2: SUMMARY TABLE | E2: 2008 | F2: 2009 | G2: 2010 | H2: 2011 | I2: 2012 | J2: 2013 | K2: 2014 | L2: 2015 | M2: 2016 | N2: 2017 | O2: 2018 | P2: 2019 | Q2: 2020 | R2: 2021 | T2: 2008-2021 average | U2: 2008-2021 % change
B3: Production-based emissions | E3: 3054.806 | F3: 2716.091 | G3: 2824.643 | H3: 2750.789 | I3: 2577.357 | J3: 2260.928 | K3: 2067.6 | L3: 2109.51 | M3: 2227.144 | N3: 2179.957 | O3: 2132.956 | P3: 2105.794 | Q3: 1991.742 | R3: 2041.311 | T3: =AVERAGE(E3:R3) -> 2360.0449 | U3: =R3/E3*100-100 -> -33.177066
B4: Upstream emissions ocuring in Sweden and abroad | E4: 6937.507 | F4: 5733.46 | G4: 7246.458 | H4: 7049.504 | I4: 5635.734 | J4: 5801.745 | K4: 5397.486 | L4: 4996.233 | M4: 4806.485 | N4: 4967.043 | O4: 5862.303 | P4: 4933.71 | Q4: 4211.183 | R4: 4320.323 | T4: =AVERAGE(E4:R4) -> 5564.2267 | U4: =R4/E4*100-100 -> -37.725137
B5: Emissions embodied in the Swedish export | E5: 7989.169 | F5: 6459.596 | G5: 7992.235 | H5: 7718.558 | I5: 6337.75 | J5: 6176.732 | K5: 5674.658 | L5: 5234.375 | M5: 5237.687 | N5: 5450.312 | O5: 5895.353 | P5: 5393.737 | Q5: 4897.458 | R5: 5008.643 | T5: =AVERAGE(E5:R5) -> 6104.7331 | U5: =R5/E5*100-100 -> -37.307084
B6: Consumption-based emissions | E6: 2003.144 | F6: 1989.955 | G6: 2078.866 | H6: 2081.735 | I6: 1875.341 | J6: 1885.941 | K6: 1790.428 | L6: 1871.368 | M6: 1795.942 | N6: 1696.688 | O6: 2099.906 | P6: 1645.767 | Q6: 1305.467 | R6: 1352.991 | T6: =AVERAGE(E6:R6) -> 1819.5385 | U6: =R6/E6*100-100 -> -32.456628
E8: 2008 | F8: 2009 | G8: 2010 | H8: 2011 | I8: 2012 | J8: 2013 | K8: 2014 | L8: 2015 | M8: 2016 | N8: 2017 | O8: 2018 | P8: 2019 | Q8: 2020 | R8: 2021 | T8: 2008-2021 average | U8: 2008-2021 % change
B9: Production-based emissions | C9: GHG emissions embodied in Swedish forest-based products as input in Swedish forest-based products | D9: 1) to 4)
C10: A02 | D10: Products of forestry, logging and related services | E10: 1032.827 | F10: 1016.245 | G10: 1035.227 | H10: 1084.784 | I10: 1043.198 | J10: 985.632 | K10: 974.376 | L10: 990.949 | M10: 927.858 | N10: 895.45 | O10: 845.887 | P10: 878.891 | Q10: 845.838 | R10: 828.59 | T10: =AVERAGE(E10:R10) -> 956.12514 | U10: =R10/E10*100-100 -> -19.774561
C11: C161 | D11: Sawing and planing | E11: 151.127 | F11: 142.609 | G11: 144.667 | H11: 150.273 | I11: 134.894 | J11: 127.421 | K11: 130.389 | L11: 133.364 | M11: 183.726 | N11: 188.915 | O11: 202.115 | P11: 194.973 | Q11: 189.409 | R11: 204.067 | T11: =AVERAGE(E11:R11) -> 162.71064 | U11: =R11/E11*100-100 -> 35.03014
C12: C162 | D12: Wood product manufacturing | E12: 127.459 | F12: 113.717 | G12: 127.158 | H12: 116.246 | I12: 110.581 | J12: 99.7 | K12: 85.961 | L12: 87.676 | M12: 91.93 | N12: 92.22 | O12: 90.378 | P12: 120.42 | Q12: 98.429 | R12: 90.836 | T12: =AVERAGE(E12:R12) -> 103.76507 | U12: =R12/E12*100-100 -> -28.733161
C13: C1711 | D13: Pulp manufacturing | E13: 464.075 | F13: 396.527 | G13: 457.732 | H13: 430.323 | I13: 376.259 | J13: 341.854 | K13: 310.699 | L13: 320.086 | M13: 339.528 | N13: 318.113 | O13: 323.303 | P13: 260.976 | Q13: 274.704 | R13: 371.286 | T13: =AVERAGE(E13:R13) -> 356.10464 | U13: =R13/E13*100-100 -> -19.994397
C14: C1712 | D14: Paper and cardboard supplies | E14: 1196.687 | F14: 946.31 | G14: 970.08 | H14: 888.321 | I14: 835.8 | J14: 634.314 | K14: 482.759 | L14: 492.621 | M14: 593.251 | N14: 594.78 | O14: 587.021 | P14: 568.378 | Q14: 504.195 | R14: 462.805 | T14: =AVERAGE(E14:R14) -> 696.95157 | U14: =R14/E14*100-100 -> -61.326145
C15: C172 | D15: Paper and cardboard products | E15: 82.631 | F15: 100.683 | G15: 89.779 | H15: 80.842 | I15: 76.625 | J15: 72.007 | K15: 83.416 | L15: 84.814 | M15: 90.851 | N15: 90.479 | O15: 84.252 | P15: 82.156 | Q15: 79.167 | R15: 83.727 | T15: =AVERAGE(E15:R15) -> 84.387786 | U15: =R15/E15*100-100 -> 1.3263787
D16: Total | E16: 3054.806 | F16: 2716.091 | G16: 2824.643 | H16: 2750.789 | I16: 2577.357 | J16: 2260.928 | K16: 2067.6 | L16: 2109.51 | M16: 2227.144 | N16: 2179.957 | O16: 2132.956 | P16: 2105.794 | Q16: 1991.742 | R16: 2041.311 | T16: =AVERAGE(E16:R16) -> 2360.0449 | U16: =R16/E16*100-100 -> -33.177066
B18: Upstream emissions ocuring in Sweden | C18: GHG emissions embodied in other Swedish products as input in Swedish forest-based products | D18: 5) & 6)
C19: A02 | D19: Products of forestry, logging and related services | E19: 109.717 | F19: 143.809 | G19: 113.357 | H19: 118.719 | I19: 127.415 | J19: 126.88 | K19: 105.115 | L19: 113.011 | M19: 118.699 | N19: 100.644 | O19: 113.376 | P19: 90.705 | Q19: 80.328 | R19: 79.47 | T19: =AVERAGE(E19:R19) -> 110.08893 | U19: =R19/E19*100-100 -> -27.568198
C20: C161 | D20: Sawing and planing | E20: 205.091 | F20: 212.182 | G20: 232.672 | H20: 204.42 | I20: 194.353 | J20: 189.013 | K20: 205.843 | L20: 212.048 | M20: 203.567 | N20: 182.43 | O20: 207.668 | P20: 198.512 | Q20: 188.6 | R20: 215.558 | T20: =AVERAGE(E20:R20) -> 203.71121 | U20: =R20/E20*100-100 -> 5.1035882
C21: C162 | D21: Wood product manufacturing | E21: 80.429 | F21: 70.013 | G21: 82.244 | H21: 74.027 | I21: 71.362 | J21: 65.893 | K21: 60.829 | L21: 58.698 | M21: 61.52 | N21: 62.05 | O21: 66.161 | P21: 58.062 | Q21: 43.968 | R21: 41.252 | T21: =AVERAGE(E21:R21) -> 64.036286 | U21: =R21/E21*100-100 -> -48.710042
C22: C1711 | D22: Pulp manufacturing | E22: 146.55 | F22: 152.139 | G22: 155.858 | H22: 142.809 | I22: 139.698 | J22: 126.783 | K22: 110.928 | L22: 116.79 | M22: 114.984 | N22: 112.336 | O22: 144.316 | P22: 139.421 | Q22: 128.046 | R22: 130.412 | T22: =AVERAGE(E22:R22) -> 132.93357 | U22: =R22/E22*100-100 -> -11.011941
C23: C1712 | D23: Paper and cardboard supplies | E23: 536.546 | F23: 537.387 | G23: 582.668 | H23: 528.168 | I23: 448.381 | J23: 460.556 | K23: 384.565 | L23: 428.906 | M23: 437.32 | N23: 407.335 | O23: 440.733 | P23: 412.797 | Q23: 375.937 | R23: 362.675 | T23: =AVERAGE(E23:R23) -> 453.141 | U23: =R23/E23*100-100 -> -32.405609
C24: C172 | D24: Paper and cardboard products | E24: 52.816 | F24: 57.213 | G24: 60.894 | H24: 57.806 | I24: 53.836 | J24: 48.88 | K24: 44.569 | L24: 41.74 | M24: 40.649 | N24: 39.788 | O24: 42.865 | P24: 37.776 | Q24: 30.514 | R24: 26.364 | T24: =AVERAGE(E24:R24) -> 45.407857 | U24: =R24/E24*100-100 -> -50.083308
D25: Total | E25: 1131.149 | F25: 1172.743 | G25: 1227.693 | H25: 1125.949 | I25: 1035.045 | J25: 1018.005 | K25: 911.849 | L25: 971.193 | M25: 976.739 | N25: 904.583 | O25: 1015.119 | P25: 937.273 | Q25: 847.393 | R25: 855.731 | T25: =AVERAGE(E25:R25) -> 1009.3189 | U25: =R25/E25*100-100 -> -24.348516
B27: Upstream emissions ocuring abroad | C27: GHG emissions embodied in all foreign products as input in Swedish forest-based products | D27: 7) to 13)
C28: A02 | D28: Products of forestry, logging and related services | E28: 560.211 | F28: 410.579 | G28: 765.659 | H28: 815.116 | I28: 638.781 | J28: 612.857 | K28: 855.066 | L28: 585.75 | M28: 548.965 | N28: 578.441 | O28: 816.543 | P28: 578.66 | Q28: 501.323 | R28: 489.292 | T28: =AVERAGE(E28:R28) -> 625.51736 | U28: =R28/E28*100-100 -> -12.659337
C29: C161 | D29: Sawing and planing | E29: 1074.163 | F29: 864.866 | G29: 1026.717 | H29: 1034.618 | I29: 809.264 | J29: 882.073 | K29: 837.554 | L29: 855.545 | M29: 788.355 | N29: 853.826 | O29: 1200.13 | P29: 876.132 | Q29: 618.041 | R29: 714.618 | T29: =AVERAGE(E29:R29) -> 888.27871 | U29: =R29/E29*100-100 -> -33.472108
C30: C162 | D30: Wood product manufacturing | E30: 511.408 | F30: 400.924 | G30: 484.263 | H30: 436.819 | I30: 374.535 | J30: 391.712 | K30: 341.372 | L30: 353.256 | M30: 340.886 | N30: 345.592 | O30: 403.289 | P30: 349.292 | Q30: 256.094 | R30: 247.18 | T30: =AVERAGE(E30:R30) -> 374.04443 | U30: =R30/E30*100-100 -> -51.666771
C31: C1711 | D31: Pulp manufacturing | E31: 846.105 | F31: 661.214 | G31: 844.359 | H31: 811.504 | I31: 659.141 | J31: 657.354 | K31: 569.582 | L31: 506.743 | M31: 510.827 | N31: 558.77 | O31: 626.712 | P31: 564.68 | Q31: 507.846 | R31: 542.575 | T31: =AVERAGE(E31:R31) -> 633.38657 | U31: =R31/E31*100-100 -> -35.873798
C32: C1712 | D32: Paper and cardboard supplies | E32: 2530.185 | F32: 1962.429 | G32: 2574.356 | H32: 2511.53 | I32: 1867.446 | J32: 1993.94 | K32: 1641.002 | L32: 1503.933 | M32: 1435.719 | N32: 1516.449 | O32: 1604.014 | P32: 1430.516 | Q32: 1316.855 | R32: 1306.8 | T32: =AVERAGE(E32:R32) -> 1799.6553 | U32: =R32/E32*100-100 -> -48.351603
C33: C172 | D33: Paper and cardboard products | E33: 284.286 | F33: 260.705 | G33: 323.411 | H33: 313.968 | I33: 251.522 | J33: 245.804 | K33: 241.061 | L33: 219.813 | M33: 204.994 | N33: 209.382 | O33: 196.496 | P33: 197.157 | Q33: 163.631 | R33: 164.127 | T33: =AVERAGE(E33:R33) -> 234.0255 | U33: =R33/E33*100-100 -> -42.266942
D34: Total | E34: 5806.358 | F34: 4560.717 | G34: 6018.765 | H34: 5923.555 | I34: 4600.689 | J34: 4783.74 | K34: 4485.637 | L34: 4025.04 | M34: 3829.746 | N34: 4062.46 | O34: 4847.184 | P34: 3996.437 | Q34: 3363.79 | R34: 3464.592 | T34: =AVERAGE(E34:R34) -> 4554.9079 | U34: =R34/E34*100-100 -> -40.331065
B36: Upstream emissions ocuring in Sweden and abroad | C36: GHG emissions embodied in all foreign products as input in Swedish forest-based products | D36: 5) to 13)
C37: A02 | D37: Products of forestry, logging and related services | E37: 669.928 | F37: 554.388 | G37: 879.016 | H37: 933.835 | I37: 766.196 | J37: 739.737 | K37: 960.181 | L37: 698.761 | M37: 667.664 | N37: 679.085 | O37: 929.919 | P37: 669.365 | Q37: 581.651 | R37: 568.762 | T37: =AVERAGE(E37:R37) -> 735.60629 | U37: =R37/E37*100-100 -> -15.101026
C38: C161 | D38: Sawing and planing | E38: 1279.254 | F38: 1077.048 | G38: 1259.389 | H38: 1239.038 | I38: 1003.617 | J38: 1071.086 | K38: 1043.397 | L38: 1067.593 | M38: 991.922 | N38: 1036.256 | O38: 1407.798 | P38: 1074.644 | Q38: 806.641 | R38: 930.176 | T38: =AVERAGE(E38:R38) -> 1091.9899 | U38: =R38/E38*100-100 -> -27.287622
C39: C162 | D39: Wood product manufacturing | E39: 591.837 | F39: 470.937 | G39: 566.507 | H39: 510.846 | I39: 445.897 | J39: 457.605 | K39: 402.201 | L39: 411.954 | M39: 402.406 | N39: 407.642 | O39: 469.45 | P39: 407.354 | Q39: 300.062 | R39: 288.432 | T39: =AVERAGE(E39:R39) -> 438.08071 | U39: =R39/E39*100-100 -> -51.26496
C40: C1711 | D40: Pulp manufacturing | E40: 992.655 | F40: 813.353 | G40: 1000.217 | H40: 954.313 | I40: 798.839 | J40: 784.137 | K40: 680.51 | L40: 623.533 | M40: 625.811 | N40: 671.106 | O40: 771.028 | P40: 704.101 | Q40: 635.892 | R40: 672.987 | T40: =AVERAGE(E40:R40) -> 766.32014 | U40: =R40/E40*100-100 -> -32.203333
C41: C1712 | D41: Paper and cardboard supplies | E41: 3066.731 | F41: 2499.816 | G41: 3157.024 | H41: 3039.698 | I41: 2315.827 | J41: 2454.496 | K41: 2025.567 | L41: 1932.839 | M41: 1873.039 | N41: 1923.784 | O41: 2044.747 | P41: 1843.313 | Q41: 1692.792 | R41: 1669.475 | T41: =AVERAGE(E41:R41) -> 2252.7963 | U41: =R41/E41*100-100 -> -45.56174
C42: C172 | D42: Paper and cardboard products | E42: 337.102 | F42: 317.918 | G42: 384.305 | H42: 371.774 | I42: 305.358 | J42: 294.684 | K42: 285.63 | L42: 261.553 | M42: 245.643 | N42: 249.17 | O42: 239.361 | P42: 234.933 | Q42: 194.145 | R42: 190.491 | T42: =AVERAGE(E42:R42) -> 279.43336 | U42: =R42/E42*100-100 -> -43.491584
D43: Total | E43: 6937.507 | F43: 5733.46 | G43: 7246.458 | H43: 7049.504 | I43: 5635.734 | J43: 5801.745 | K43: 5397.486 | L43: 4996.233 | M43: 4806.485 | N43: 4967.043 | O43: 5862.303 | P43: 4933.71 | Q43: 4211.183 | R43: 4320.323 | T43: =AVERAGE(E43:R43) -> 5564.2267 | U43: =R43/E43*100-100 -> -37.725137
B45: Production-based and upstream emissions excluding forest-related activities abroad | C45: A02 | D45: Products of forestry, logging and related services | E45: 1702.755 | F45: 1570.633 | G45: 1914.243 | H45: 2018.619 | I45: 1809.394 | J45: 1725.369 | K45: 1934.557 | L45: 1689.71 | M45: 1595.522 | N45: 1574.535 | O45: 1775.806 | P45: 1548.256 | Q45: 1427.489 | R45: 1397.352 | T45: =AVERAGE(E45:R45) -> 1691.7314 | U45: =R45/E45*100-100 -> -17.935816
C46: C161 | D46: Sawing and planing | E46: 1430.381 | F46: 1219.657 | G46: 1404.056 | H46: 1389.311 | I46: 1138.511 | J46: 1198.507 | K46: 1173.786 | L46: 1200.957 | M46: 1175.648 | N46: 1225.171 | O46: 1609.913 | P46: 1269.617 | Q46: 996.05 | R46: 1134.243 | T46: =AVERAGE(E46:R46) -> 1254.7006 | U46: =R46/E46*100-100 -> -20.703435
C47: C162 | D47: Wood product manufacturing | E47: 719.296 | F47: 584.654 | G47: 693.665 | H47: 627.092 | I47: 556.478 | J47: 557.305 | K47: 488.162 | L47: 499.63 | M47: 494.336 | N47: 499.862 | O47: 559.828 | P47: 527.774 | Q47: 398.491 | R47: 379.268 | T47: =AVERAGE(E47:R47) -> 541.84579 | U47: =R47/E47*100-100 -> -47.272333
C48: C1711 | D48: Pulp manufacturing | E48: 1456.73 | F48: 1209.88 | G48: 1457.949 | H48: 1384.636 | I48: 1175.098 | J48: 1125.991 | K48: 991.209 | L48: 943.619 | M48: 965.339 | N48: 989.219 | O48: 1094.331 | P48: 965.077 | Q48: 910.596 | R48: 1044.273 | T48: =AVERAGE(E48:R48) -> 1122.4248 | U48: =R48/E48*100-100 -> -28.313895
C49: C1712 | D49: Paper and cardboard supplies | E49: 4263.418 | F49: 3446.126 | G49: 4127.104 | H49: 3928.019 | I49: 3151.627 | J49: 3088.81 | K49: 2508.326 | L49: 2425.46 | M49: 2466.29 | N49: 2518.564 | O49: 2631.768 | P49: 2411.691 | Q49: 2196.987 | R49: 2132.28 | T49: =AVERAGE(E49:R49) -> 2949.7479 | U49: =R49/E49*100-100 -> -49.986607
C50: C172 | D50: Paper and cardboard products | E50: 419.733 | F50: 418.601 | G50: 474.084 | H50: 452.616 | I50: 381.983 | J50: 366.691 | K50: 369.046 | L50: 346.367 | M50: 336.494 | N50: 339.649 | O50: 323.613 | P50: 317.089 | Q50: 273.312 | R50: 274.218 | T50: =AVERAGE(E50:R50) -> 363.82114 | U50: =R50/E50*100-100 -> -34.668468
C51: Total | D51: Total | E51: 9992.313 | F51: 8449.551 | G51: 10071.101 | H51: 9800.293 | I51: 8213.091 | J51: 8062.673 | K51: 7465.086 | L51: 7105.743 | M51: 7033.629 | N51: 7147 | O51: 7995.259 | P51: 7039.504 | Q51: 6202.925 | R51: 6361.634 | T51: =AVERAGE(E51:R51) -> 7924.2716 | U51: =R51/E51*100-100 -> -36.33472
B53: Emissions embodied in the Swedish export | C53: GHG emissions embodied in all Swedish and foreign products as input in all Swedish products using wood embodied in Swedish export | D53: 3), 4), 6), 10), 11), 13)
B54: Export emissions | C54: A02 | D54: Products of forestry, logging and related services | E54: 909.215 | F54: 695.781 | G54: 873.129 | H54: 885.388 | I54: 787.042 | J54: 712.672 | K54: 929.941 | L54: 745.734 | M54: 714.88 | N54: 774.341 | O54: 886.715 | P54: 801.338 | Q54: 753.048 | R54: 747.502 | T54: =AVERAGE(E54:R54) -> 801.19471 | U54: =R54/E54*100-100 -> -17.786002
C55: C161 | D55: Sawing and planing | E55: 994.414 | F55: 830.459 | G55: 1045.038 | H55: 1019.169 | I55: 824.481 | J55: 860.968 | K55: 867.164 | L55: 819.972 | M55: 858.111 | N55: 869.13 | O55: 1014.63 | P55: 842.631 | Q55: 784.717 | R55: 859.706 | T55: =AVERAGE(E55:R55) -> 892.185 | U55: =R55/E55*100-100 -> -13.546471
C56: C162 | D56: Wood product manufacturing | E56: 444.297 | F56: 334.6 | G56: 395.993 | H56: 374.146 | I56: 333.354 | J56: 327.577 | K56: 296.64 | L56: 274.626 | M56: 273.768 | N56: 282.394 | O56: 308.033 | P56: 294.108 | Q56: 234.78 | R56: 235.253 | T56: =AVERAGE(E56:R56) -> 314.96921 | U56: =R56/E56*100-100 -> -47.050509
C57: C1711 | D57: Pulp manufacturing | E57: 1292.268 | F57: 1044.97 | G57: 1305.956 | H57: 1238.297 | I57: 1042.743 | J57: 996.152 | K57: 864.905 | L57: 828.451 | M57: 836.546 | N57: 874.94 | O57: 977.311 | P57: 879.168 | Q57: 842.072 | R57: 957.287 | T57: =AVERAGE(E57:R57) -> 998.64757 | U57: =R57/E57*100-100 -> -25.921945
C58: C1712 | D58: Paper and cardboard supplies | E58: 3967.03 | F58: 3199.838 | G58: 3973.613 | H58: 3825.802 | I58: 3033.371 | J58: 2977.673 | K58: 2410.94 | L58: 2277.199 | M58: 2258.123 | N58: 2349.486 | O58: 2410.895 | P58: 2277.708 | Q58: 2038.417 | R58: 1970.231 | T58: =AVERAGE(E58:R58) -> 2783.5947 | U58: =R58/E58*100-100 -> -50.33486
C59: C172 | D59: Paper and cardboard products | E59: 381.945 | F59: 353.948 | G59: 398.506 | H59: 375.756 | I59: 316.759 | J59: 301.69 | K59: 305.068 | L59: 288.393 | M59: 296.259 | N59: 300.021 | O59: 297.769 | P59: 298.784 | Q59: 244.424 | R59: 238.664 | T59: =AVERAGE(E59:R59) -> 314.14186 | U59: =R59/E59*100-100 -> -37.513516
D60: Total | E60: 7989.169 | F60: 6459.596 | G60: 7992.235 | H60: 7718.558 | I60: 6337.75 | J60: 6176.732 | K60: 5674.658 | L60: 5234.375 | M60: 5237.687 | N60: 5450.312 | O60: 5895.353 | P60: 5393.737 | Q60: 4897.458 | R60: 5008.643 | T60: =AVERAGE(E60:R60) -> 6104.7331 | U60: =R60/E60*100-100 -> -37.307084
B62: Consumption-based emissions | C62: GHG emissions embodied in all Swedish and foreign products as input in Swedish forest-based products embodied in Swedish final use | D62: 1), 2), 5), 7), 8), 9), 12)
C63: A02 | D63: Products of forestry, logging and related services | E63: 793.54 | F63: 874.852 | G63: 1041.114 | H63: 1133.231 | I63: 1022.352 | J63: 1012.697 | K63: 1004.616 | L63: 943.976 | M63: 880.642 | N63: 800.194 | O63: 889.091 | P63: 746.918 | Q63: 674.441 | R63: 649.85 | T63: =AVERAGE(E63:R63) -> 890.53671 | U63: =R63/E63*100-100 -> -18.107468
C64: C161 | D64: Sawing and planing | E64: 435.967 | F64: 389.198 | G64: 359.018 | H64: 370.142 | I64: 314.03 | J64: 337.539 | K64: 306.622 | L64: 380.985 | M64: 317.537 | N64: 356.041 | O64: 595.283 | P64: 426.986 | Q64: 211.333 | R64: 274.537 | T64: =AVERAGE(E64:R64) -> 362.51557 | U64: =R64/E64*100-100 -> -37.028032
C65: C162 | D65: Wood product manufacturing | E65: 274.999 | F65: 250.054 | G65: 297.672 | H65: 252.946 | I65: 223.124 | J65: 229.728 | K65: 191.522 | L65: 225.004 | M65: 220.568 | N65: 217.468 | O65: 251.795 | P65: 233.666 | Q65: 163.711 | R65: 144.015 | T65: =AVERAGE(E65:R65) -> 226.87657 | U65: =R65/E65*100-100 -> -47.630719
C66: C1711 | D66: Pulp manufacturing | E66: 164.462 | F66: 164.91 | G66: 151.993 | H66: 146.339 | I66: 132.355 | J66: 129.839 | K66: 126.304 | L66: 115.168 | M66: 128.793 | N66: 114.279 | O66: 117.02 | P66: 85.909 | Q66: 68.524 | R66: 86.986 | T66: =AVERAGE(E66:R66) -> 123.77721 | U66: =R66/E66*100-100 -> -47.108755
C67: C1712 | D67: Paper and cardboard supplies | E67: 296.388 | F67: 246.288 | G67: 153.491 | H67: 102.217 | I67: 118.256 | J67: 111.137 | K67: 97.386 | L67: 148.261 | M67: 208.167 | N67: 169.078 | O67: 220.873 | P67: 133.983 | Q67: 158.57 | R67: 162.049 | T67: =AVERAGE(E67:R67) -> 166.15314 | U67: =R67/E67*100-100 -> -45.325384
C68: C172 | D68: Paper and cardboard products | E68: 37.788 | F68: 64.653 | G68: 75.578 | H68: 76.86 | I68: 65.224 | J68: 65.001 | K68: 63.978 | L68: 57.974 | M68: 40.235 | N68: 39.628 | O68: 25.844 | P68: 18.305 | Q68: 28.888 | R68: 35.554 | T68: =AVERAGE(E68:R68) -> 49.679286 | U68: =R68/E68*100-100 -> -5.9119297
D69: Total | E69: 2003.144 | F69: 1989.955 | G69: 2078.866 | H69: 2081.735 | I69: 1875.341 | J69: 1885.941 | K69: 1790.428 | L69: 1871.368 | M69: 1795.942 | N69: 1696.688 | O69: 2099.906 | P69: 1645.767 | Q69: 1305.467 | R69: 1352.991 | T69: =AVERAGE(E69:R69) -> 1819.5385 | U69: =R69/E69*100-100 -> -32.456628
D71: Check | E71: =E16+E43-E60-E69 -> 0 | F71: =F16+F43-F60-F69 -> -2.2737368e-12 | G71: =G16+G43-G60-G69 -> 0 | H71: =H16+H43-H60-H69 -> 0 | I71: =I16+I43-I60-I69 -> 0 | J71: =J16+J43-J60-J69 -> 1.8189894e-12 | K71: =K16+K43-K60-K69 -> 0 | L71: =L16+L43-L60-L69 -> 0 | ... R71: =R16+R43-R60-R69 -> 0

Sheet data_from_tbl_2_in_manuscript_1
B2: Biogenic carbon emission balances | C2: Calculation step | D2: 2008 | E2: 2009 | F2: 2010 | G2: 2011 | H2: 2012 | I2: 2013 | J2: 2014 | K2: 2015 | L2: 2016 | M2: 2017 | N2: 2018 | O2: 2019 | P2: 2020 | Q2: 2021 | R2: 2008 to 2021 mean value | S2: 2008 to 2021 change
B3: 1. Domestic supply | D3: =data_from_tbl_2_in_manuscript_2!D105/1000 -> -75.348753 | E3: =data_from_tbl_2_in_manuscript_2!E105/1000 -> -70.776633 | F3: =data_from_tbl_2_in_manuscript_2!F105/1000 -> -77.380007 | G3: =data_from_tbl_2_in_manuscript_2!G105/1000 -> -76.873219 | H3: =data_from_tbl_2_in_manuscript_2!H105/1000 -> -77.218855 | I3: =data_from_tbl_2_in_manuscript_2!I105/1000 -> -77.031555 | J3: =data_from_tbl_2_in_manuscript_2!J105/1000 -> -80.350139 | K3: =data_from_tbl_2_in_manuscript_2!K105/1000 -> -80.96618 | ... Q3: =data_from_tbl_2_in_manuscript_2!Q105/1000 -> -84.358304 | R3: =AVERAGE(D3:Q3) -> -78.822434 | S3: =Q3-D3 -> -9.0095511
B4: 1.1. Wood for energy supply | D4: =data_from_tbl_2_in_manuscript_2!D106/1000 -> 43.838095 | E4: =data_from_tbl_2_in_manuscript_2!E106/1000 -> 40.736121 | F4: =data_from_tbl_2_in_manuscript_2!F106/1000 -> 43.662192 | G4: =data_from_tbl_2_in_manuscript_2!G106/1000 -> 43.184183 | H4: =data_from_tbl_2_in_manuscript_2!H106/1000 -> 42.91712 | I4: =data_from_tbl_2_in_manuscript_2!I106/1000 -> 43.140875 | J4: =data_from_tbl_2_in_manuscript_2!J106/1000 -> 42.735046 | K4: =data_from_tbl_2_in_manuscript_2!K106/1000 -> 43.959802 | ... Q4: =data_from_tbl_2_in_manuscript_2!Q106/1000 -> 45.048206 | R4: =AVERAGE(D4:Q4) -> 43.278465 | S4: =Q4-D4 -> 1.2101104
B5: 1.2. Wood in products supply | D5: =data_from_tbl_2_in_manuscript_2!D107/1000 -> -31.510658 | E5: =data_from_tbl_2_in_manuscript_2!E107/1000 -> -30.040512 | F5: =data_from_tbl_2_in_manuscript_2!F107/1000 -> -33.717815 | G5: =data_from_tbl_2_in_manuscript_2!G107/1000 -> -33.689036 | H5: =data_from_tbl_2_in_manuscript_2!H107/1000 -> -34.301735 | I5: =data_from_tbl_2_in_manuscript_2!I107/1000 -> -33.89068 | J5: =data_from_tbl_2_in_manuscript_2!J107/1000 -> -37.615093 | K5: =data_from_tbl_2_in_manuscript_2!K107/1000 -> -37.006377 | ... Q5: =data_from_tbl_2_in_manuscript_2!Q107/1000 -> -39.310099 | R5: =AVERAGE(D5:Q5) -> -35.543969 | S5: =Q5-D5 -> -7.7994407
B6: 2. IMPORT | D6: =data_from_tbl_2_in_manuscript_2!D109/1000 -> -15.853211 | E6: =data_from_tbl_2_in_manuscript_2!E109/1000 -> -13.241477 | F6: =data_from_tbl_2_in_manuscript_2!F109/1000 -> -16.093682 | G6: =data_from_tbl_2_in_manuscript_2!G109/1000 -> -16.603088 | H6: =data_from_tbl_2_in_manuscript_2!H109/1000 -> -15.879721 | I6: =data_from_tbl_2_in_manuscript_2!I109/1000 -> -15.825751 | J6: =data_from_tbl_2_in_manuscript_2!J109/1000 -> -16.046367 | K6: =data_from_tbl_2_in_manuscript_2!K109/1000 -> -14.601396 | ... Q6: =data_from_tbl_2_in_manuscript_2!Q109/1000 -> -16.158138 | R6: =AVERAGE(D6:Q6) -> -16.457533 | S6: =Q6-D6 -> -0.30492733
B7: 2.1. Wood for energy import | D7: =data_from_tbl_2_in_manuscript_2!D110/1000 -> 4.2562088 | E7: =data_from_tbl_2_in_manuscript_2!E110/1000 -> 3.9818208 | F7: =data_from_tbl_2_in_manuscript_2!F110/1000 -> 4.490641 | G7: =data_from_tbl_2_in_manuscript_2!G110/1000 -> 4.9171125 | H7: =data_from_tbl_2_in_manuscript_2!H110/1000 -> 4.0926503 | I7: =data_from_tbl_2_in_manuscript_2!I110/1000 -> 4.1391672 | J7: =data_from_tbl_2_in_manuscript_2!J110/1000 -> 3.5753714 | K7: =data_from_tbl_2_in_manuscript_2!K110/1000 -> 3.1886453 | ... Q7: =data_from_tbl_2_in_manuscript_2!Q110/1000 -> 3.5734322 | R7: =AVERAGE(D7:Q7) -> 4.1879385 | S7: =Q7-D7 -> -0.6827766
B8: 2.2. Wood products import | D8: =data_from_tbl_2_in_manuscript_2!D111/1000 -> -11.597002 | E8: =data_from_tbl_2_in_manuscript_2!E111/1000 -> -9.2596565 | F8: =data_from_tbl_2_in_manuscript_2!F111/1000 -> -11.603041 | G8: =data_from_tbl_2_in_manuscript_2!G111/1000 -> -11.685976 | H8: =data_from_tbl_2_in_manuscript_2!H111/1000 -> -11.787071 | I8: =data_from_tbl_2_in_manuscript_2!I111/1000 -> -11.686584 | J8: =data_from_tbl_2_in_manuscript_2!J111/1000 -> -12.470996 | K8: =data_from_tbl_2_in_manuscript_2!K111/1000 -> -11.412751 | ... Q8: =data_from_tbl_2_in_manuscript_2!Q111/1000 -> -12.584706 | R8: =AVERAGE(D8:Q8) -> -12.269594 | S8: =Q8-D8 -> -0.98770393
B9: 3. Domestic use | C9: 1. + 2. - 4. | D9: =D3+D6-D12 -> -57.254296 | E9: =E3+E6-E12 -> -52.749151 | F9: =F3+F6-F12 -> -61.951492 | G9: =G3+G6-G12 -> -62.035894 | H9: =H3+H6-H12 -> -61.274498 | I9: =I3+I6-I12 -> -61.841626 | J9: =J3+J6-J12 -> -65.278225 | K9: =K3+K6-K12 -> -63.62707 | ... Q9: =Q3+Q6-Q12 -> -65.044684 | R9: =AVERAGE(D9:Q9) -> -62.586781 | S9: =Q9-D9 -> -7.7903881
B10: 3.1. Wood for energy use | D10: =D4+D7-D13 -> 46.849783 | E10: =E4+E7-E13 -> 44.114906 | F10: =F4+F7-F13 -> 47.530119 | G10: =G4+G7-G13 -> 47.288512 | H10: =H4+H7-H13 -> 46.187522 | I10: =I4+I7-I13 -> 46.640178 | J10: =J4+J7-J13 -> 45.611824 | K10: =K4+K7-K13 -> 46.162286 | ... Q10: =Q4+Q7-Q13 -> 47.207462 | R10: =AVERAGE(D10:Q10) -> 46.592922 | S10: =Q10-D10 -> 0.35767856
B11: 3.2. Wood in products use | D11: =D5+D8-D14 -> -10.404512 | E11: =(E5+E8-E14) -> -8.6342452 | F11: =(F5+F8-F14) -> -14.421372 | G11: =(G5+G8-G14) -> -14.747382 | H11: =(H5+H8-H14) -> -15.086976 | I11: =(I5+I8-I14) -> -15.201447 | J11: =(J5+J8-J14) -> -19.6664 | K11: =(K5+K8-K14) -> -17.464784 | L11: =(L5+L8-L14) -> -14.826491 | ... Q11: =(Q5+Q8-Q14) -> -17.837222 | R11: =AVERAGE(D11:Q11) -> -15.993859 | S11: =Q11-D11 -> -7.4327096
B12: 4. EXPORT | D12: =data_from_tbl_2_in_manuscript_2!D117/1000 -> -33.947668 | E12: =data_from_tbl_2_in_manuscript_2!E117/1000 -> -31.268959 | F12: =data_from_tbl_2_in_manuscript_2!F117/1000 -> -31.522198 | G12: =data_from_tbl_2_in_manuscript_2!G117/1000 -> -31.440413 | H12: =data_from_tbl_2_in_manuscript_2!H117/1000 -> -31.824078 | I12: =data_from_tbl_2_in_manuscript_2!I117/1000 -> -31.015681 | J12: =data_from_tbl_2_in_manuscript_2!J117/1000 -> -31.118281 | K12: =data_from_tbl_2_in_manuscript_2!K117/1000 -> -31.940506 | ... Q12: =data_from_tbl_2_in_manuscript_2!Q117/1000 -> -35.471759 | R12: =AVERAGE(D12:Q12) -> -32.693185 | S12: =Q12-D12 -> -1.5240903
B13: 4.1. Wood for energy export | D13: =data_from_tbl_2_in_manuscript_2!D118/1000 -> 1.2445206 | E13: =data_from_tbl_2_in_manuscript_2!E118/1000 -> 0.60303624 | F13: =data_from_tbl_2_in_manuscript_2!F118/1000 -> 0.62271352 | G13: =data_from_tbl_2_in_manuscript_2!G118/1000 -> 0.81278351 | H13: =data_from_tbl_2_in_manuscript_2!H118/1000 -> 0.82224813 | I13: =data_from_tbl_2_in_manuscript_2!I118/1000 -> 0.63986347 | J13: =data_from_tbl_2_in_manuscript_2!J118/1000 -> 0.69859313 | K13: =data_from_tbl_2_in_manuscript_2!K118/1000 -> 0.98616162 | ... Q13: =data_from_tbl_2_in_manuscript_2!Q118/1000 -> 1.4141759 | R13: =AVERAGE(D13:Q13) -> 0.87348148 | S13: =Q13-D13 -> 0.16965527
B14: 4.2. Wood products export | D14: =data_from_tbl_2_in_manuscript_2!D119/1000 -> -32.703148 | E14: =data_from_tbl_2_in_manuscript_2!E119/1000 -> -30.665923 | F14: =data_from_tbl_2_in_manuscript_2!F119/1000 -> -30.899484 | G14: =data_from_tbl_2_in_manuscript_2!G119/1000 -> -30.627629 | H14: =data_from_tbl_2_in_manuscript_2!H119/1000 -> -31.00183 | I14: =data_from_tbl_2_in_manuscript_2!I119/1000 -> -30.375817 | J14: =data_from_tbl_2_in_manuscript_2!J119/1000 -> -30.419688 | K14: =data_from_tbl_2_in_manuscript_2!K119/1000 -> -30.954344 | ... Q14: =data_from_tbl_2_in_manuscript_2!Q119/1000 -> -34.057583 | R14: =AVERAGE(D14:Q14) -> -31.819704 | S14: =Q14-D14 -> -1.3544351
B15: 5. TOTAL SUPPLY = TOTAL USE | C15: 1. + 2. = 3. + 4. | D15: =D3+D6 -> -91.201964 | E15: =E3+E6 -> -84.01811 | F15: =F3+F6 -> -93.473689 | G15: =G3+G6 -> -93.476307 | H15: =H3+H6 -> -93.098576 | I15: =I3+I6 -> -92.857306 | J15: =J3+J6 -> -96.396506 | K15: =K3+K6 -> -95.567576 | ... Q15: =Q3+Q6 -> -100.51644 | R15: =AVERAGE(D15:Q15) -> -95.279967 | S15: =Q15-D15 -> -9.3144785
B16: 5.1. Wood for energy total supply and use | C16: 1.1.+ 2.1. = 3.1. + 4.1. | D16: =D4+D7 -> 48.094304 | E16: =E4+E7 -> 44.717942 | F16: =F4+F7 -> 48.152833 | G16: =G4+G7 -> 48.101296 | H16: =H4+H7 -> 47.00977 | I16: =I4+I7 -> 47.280042 | J16: =J4+J7 -> 46.310417 | K16: =K4+K7 -> 47.148448 | ... Q16: =Q4+Q7 -> 48.621638 | R16: =AVERAGE(D16:Q16) -> 47.466404 | S16: =Q16-D16 -> 0.52733384
B17: 5.2. Wood products total supply and use | C17: 1.2.+ 2.2. = 3.2. + 4.2. | D17: =D5+D8 -> -43.10766 | E17: =E5+E8 -> -39.300168 | F17: =F5+F8 -> -45.320856 | G17: =G5+G8 -> -45.375012 | H17: =H5+H8 -> -46.088806 | I17: =I5+I8 -> -45.577264 | J17: =J5+J8 -> -50.086089 | K17: =K5+K8 -> -48.419128 | ... Q17: =Q5+Q8 -> -51.894805 | R17: =AVERAGE(D17:Q17) -> -47.813563 | S17: =Q17-D17 -> -8.7871446
B18: Biogenic carbon emission indicators
B19: Production-based net emissions (DOMESTIC SUPPLY) | C19: 1.2. | D19: =D5 -> -31.510658 | E19: =E5 -> -30.040512 | F19: =F5 -> -33.717815 | G19: =G5 -> -33.689036 | H19: =H5 -> -34.301735 | I19: =I5 -> -33.89068 | J19: =J5 -> -37.615093 | K19: =K5 -> -37.006377 | ... Q19: =Q5 -> -39.310099 | R19: =AVERAGE(D19:Q19) -> -35.543969 | S19: =Q19-D19 -> -7.7994407
B20: Consumption-based net emissions (DOMESTIC SUPPLY + IMPORT - EXPORT) | C20: 1.2. + 2.2. - 4.2 | D20: =D5+D8-D14 -> -10.404512 | E20: =E5+E8-E14 -> -8.6342452 | F20: =F5+F8-F14 -> -14.421372 | G20: =G5+G8-G14 -> -14.747382 | H20: =H5+H8-H14 -> -15.086976 | I20: =I5+I8-I14 -> -15.201447 | J20: =J5+J8-J14 -> -19.6664 | K20: =K5+K8-K14 -> -17.464784 | ... Q20: =Q5+Q8-Q14 -> -17.837222 | R20: =AVERAGE(D20:Q20) -> -15.993859 | S20: =Q20-D20 -> -7.4327096
B21: Total net emissions (DOMESTIC SUPPLY + IMPORT) | C21: 1.2. + 2.2 | D21: =D5+D8 -> -43.10766 | E21: =E5+E8 -> -39.300168 | F21: =F5+F8 -> -45.320856 | G21: =G5+G8 -> -45.375012 | H21: =H5+H8 -> -46.088806 | I21: =I5+I8 -> -45.577264 | J21: =J5+J8 -> -50.086089 | K21: =K5+K8 -> -48.419128 | ... Q21: =Q5+Q8 -> -51.894805 | R21: =AVERAGE(D21:Q21) -> -47.813563 | S21: =Q21-D21 -> -8.7871446
B22: Net emissions of imported wood products | C22: 2.2 | D22: =D8 -> -11.597002 | E22: =E8 -> -9.2596565 | F22: =F8 -> -11.603041 | G22: =G8 -> -11.685976 | H22: =H8 -> -11.787071 | I22: =I8 -> -11.686584 | J22: =J8 -> -12.470996 | K22: =K8 -> -11.412751 | ... Q22: =Q8 -> -12.584706 | R22: =AVERAGE(D22:Q22) -> -12.269594 | S22: =Q22-D22 -> -0.98770393
B23: Net emissions of exported wood products | C23: 4.2 | D23: =D14 -> -32.703148 | E23: =E14 -> -30.665923 | F23: =F14 -> -30.899484 | G23: =G14 -> -30.627629 | H23: =H14 -> -31.00183 | I23: =I14 -> -30.375817 | J23: =J14 -> -30.419688 | K23: =K14 -> -30.954344 | ... Q23: =Q14 -> -34.057583 | R23: =AVERAGE(D23:Q23) -> -31.819704 | S23: =Q23-D23 -> -1.3544351
R25: =R23/R22 -> 2.5933786

Sheet data_from_tbl_2_in_manuscript_2
B1: A detailed biogenic carbon emission balance in the Swedish wood-based economy , 1000 t CO2
C4: Wood products balance | D4: 2008 | E4: 2009 | F4: 2010 | G4: 2011 | H4: 2012 | I4: 2013 | J4: 2014 | K4: 2015 | L4: 2016 | M4: 2017 | N4: 2018 | O4: 2019 | P4: 2020 | Q4: 2021
C6: Roundwood harvest
C7: Sawlogs | D7: -32016.604 | E7: -29136.8 | F7: -34388.2 | G7: -33033 | H7: -32101.3 | I7: -31339 | J7: -36336.3 | K7: -35150.5 | L7: -33795.304 | M7: -35912.804 | N7: -35828.1 | O7: -36336.3 | P7: -36166.9 | Q7: -38199.7
C8: Pulpwood | D8: -28967.4 | E8: -27019.304 | F8: -29729.7 | G8: -30576.7 | H8: -29390.9 | I8: -30237.904 | J8: -28798 | K8: -29814.4 | L8: -30407.3 | M8: -27188.7 | N8: -30153.196 | O8: -30237.9 | P8: -30407.3 | Q8: -30746.096
C9: Residues from forest, incl. firewood | D9: -8978.2 | E9: -9232.3037 | F9: -7877.1 | G9: -7877.1037 | H9: -10333.4 | I9: -10079.3 | J9: -9825.2 | K9: -10587.504 | L9: -10502.8 | M9: -10756.9 | N9: -10418.1 | O9: -8978.2 | P9: -8131.2 | Q9: -9486.4
C10: Residues from parks and gardens | D10: -5386.5493 | E10: -5388.2258 | F10: -5385.0072 | G10: -5386.415 | H10: -5393.2553 | I10: -5375.3512 | J10: -5390.6385 | K10: -5413.7761 | L10: -5415.842 | M10: -5490.6259 | N10: -5607.14 | O10: -5740.181 | P10: -5735.6361 | Q10: -5926.1078
C11: Total domestic supply | D11: =SUM(D7:D10) -> -75348.753 | E11: =SUM(E7:E10) -> -70776.633 | F11: =SUM(F7:F10) -> -77380.007 | G11: =SUM(G7:G10) -> -76873.219 | H11: =SUM(H7:H10) -> -77218.855 | I11: =SUM(I7:I10) -> -77031.555 | J11: =SUM(J7:J10) -> -80350.139 | K11: =SUM(K7:K10) -> -80966.18 | ... Q11: =SUM(Q7:Q10) -> -84358.304
C13: Import
C14: Roundwood import
C15: Sawlogs | D15: -1159.1763 | E15: -792.29333 | F15: -1152.6423 | G15: -1308.3693 | H15: -1283.4983 | I15: -1845.844 | J15: -1873.2927 | K15: -1871.2173 | L15: -1992.4227 | M15: -4514.862 | N15: -5775.4143 | O15: -5191.7947 | P15: -4522.8517 | Q15: -4131.039
C16: Pulpwood | D16: -4663.131 | E16: -3201.297 | F16: -4250.6493 | G16: -4370.5127 | H16: -4650.855 | I16: -4430.052 | J16: -4909.9673 | K16: -3908.6263 | L16: -3930.619 | M16: -1438.2537 | N16: -2309.4353 | O16: -2192.7987 | P16: -1668.7843 | Q16: -1193.3167
C17: Residues and firewood | D17: -2302.5127 | E17: -2353.3363 | F17: -2418.273 | G17: -2510.7683 | H17: -1866.0913 | I17: -1750.903 | J17: -1697.883 | K17: -1591.227 | L17: -2086.843 | M17: -2671.8083 | N17: -2670.8037 | O17: -2920.764 | P17: -2217.655 | Q17: -1661.341
C18: Semi-finished products import
C19: Sawnwood | D19: -367.57967 | E19: -339.19233 | F19: -388.894 | G19: -376.05333 | H19: -370.249 | I19: -452.65 | J19: -488.02233 | K19: -486.695 | L19: -525.932 | M19: -508.21833 | N19: -459.60933 | O19: -473.94233 | P19: -583.286 | Q19: -523.40933
C20: Pulp | D20: -740.927 | E20: -607.39433 | F20: -693.85433 | G20: -793.199 | H20: -845.06033 | I20: -664.66033 | J20: -663.564 | K20: -620.83633 | L20: -899.415 | M20: -1182.0013 | N20: -1875.4597 | O20: -1790.107 | P20: -1843.8823 | Q20: -2128.016
C21: Finished products import
C22: Finished wood products | D22: -1779.4517 | E22: -1510.9453 | F22: -1844.656 | G22: -1894.178 | H22: -1695.6243 | I22: -1718.6107 | J22: -1905.9773 | K22: -1999.7963 | L22: -2104.2927 | M22: -2225.6997 | N22: -2257.4713 | O22: -2126.223 | P22: -2244.11 | Q22: -2318.25
C23: Paper and paper products | D23: -1998.3993 | E23: -1857.064 | F23: -2121.5333 | G23: -1905.6033 | H23: -1973.5357 | I23: -1881.8837 | J23: -1931.655 | K23: -1870.8983 | L23: -2060.388 | M23: -2130.6523 | N23: -2043.7853 | O23: -1976.986 | P23: -1877.59 | Q23: -2000.4893
C24: Processed wood fuel (pellets) | D24: -775.544 | E24: -855.07033 | F24: -1099.571 | G24: -1038.741 | H24: -875.90433 | I24: -1301.366 | J24: -946.67833 | K24: -666.90433 | L24: -505.51967 | M24: -805.25867 | N24: -1070.949 | O24: -1033.6187 | P24: -916.476 | Q24: -985.446
C25: Wood waste | D25: -1169.179 | E25: -763.80333 | F25: -961.17267 | G25: -1357.1177 | H25: -1340.8743 | I25: -1079.8993 | J25: -923.75433 | K25: -923.901 | L25: -1290.5677 | M25: -944.603 | N25: -973.753 | O25: -1418.164 | P25: -859.40433 | Q25: -923.714
C26: Paper waste | D26: -897.31033 | E26: -961.081 | F26: -1162.436 | G26: -1048.5457 | H26: -978.02833 | I26: -699.88233 | J26: -705.573 | K26: -661.29433 | L26: -698.423 | M26: -603.21433 | N26: -745.52133 | O26: -628.85167 | P26: -314.14167 | Q26: -293.117
C27: Total import | D27: =SUM(D15:D26) -> -15853.211 | E27: =SUM(E15:E26) -> -13241.477 | F27: =SUM(F15:F26) -> -16093.682 | G27: =SUM(G15:G26) -> -16603.088 | H27: =SUM(H15:H26) -> -15879.721 | I27: =SUM(I15:I26) -> -15825.751 | J27: =SUM(J15:J26) -> -16046.367 | K27: =SUM(K15:K26) -> -14601.396 | ... Q27: =SUM(Q15:Q26) -> -16158.138
C29: TOTAL SUPPLY | D29: =D11+D27 -> -91201.964 | E29: =E11+E27 -> -84018.11 | F29: =F11+F27 -> -93473.689 | G29: =G11+G27 -> -93476.307 | H29: =H11+H27 -> -93098.576 | I29: =I11+I27 -> -92857.306 | J29: =J11+J27 -> -96396.506 | K29: =K11+K27 -> -95567.576 | ... Q29: =Q11+Q27 -> -100516.44
C31: Export
C32: Roundwood export
C33: Sawlogs | D33: -765.27 | E33: -549.82033 | F33: -458.58633 | G33: -306.053 | H33: -298.57667 | I33: -255.84533 | J33: -215.14167 | K33: -159.04533 | L33: -160.688 | M33: -459.34533 | N33: -422.345 | O33: -506.374 | P33: -607.57767 | Q33: -690.95767
C34: Pulpwood | D34: -916.84633 | E34: -335.973 | F34: -461.846 | G34: -338.987 | H34: -257.76667 | I34: -332.18533 | J34: -238.94567 | K34: -244.02767 | L34: -255.574 | M34: -1124.2257 | N34: -1155.726 | O34: -1186.3903 | P34: -1018.3507 | Q34: -2081.8783
C35: Residues and firewood | D35: -978.66633 | E35: -438.11533 | F35: -423.34967 | G35: -495.33 | H35: -358.89333 | I35: -214.58067 | J35: -220.968 | K35: -310.794 | L35: -361.29867 | M35: -343.068 | N35: -308.099 | O35: -233.07533 | P35: -236.973 | Q35: -316.987
C36: Semi-finished products export
C37: Sawnwood | D37: -9879.815 | E37: -9975.8633 | F37: -9332.0773 | G37: -9440.8197 | H37: -9616.5923 | I37: -9545.5103 | J37: -10006.304 | K37: -10371.97 | L37: -10534.179 | M37: -10680.677 | N37: -10110.547 | O37: -10370.008 | P37: -11468.82 | Q37: -10328.883
C38: Pulp | D38: -5286.743 | E38: -4868.2737 | F38: -4777.3147 | G38: -4625.8117 | H38: -4884.2677 | I38: -4735.6137 | J38: -4763.011 | K38: -4844.389 | L38: -4765.2477 | M38: -5184.7253 | N38: -5429.6293 | O38: -6127.55 | P38: -6077.115 | Q38: -6082.505
C39: Finished products export
C40: Finished wood products | D40: -1370.0317 | E40: -1250.194 | F40: -1318.1117 | G40: -1310.628 | H40: -1235.2817 | I40: -1179.1633 | J40: -1174.3233 | K40: -1154.054 | L40: -1124.2733 | M40: -1215.368 | N40: -1241.2657 | O40: -1221.8287 | P40: -1203.334 | Q40: -1312.8023
C41: Paper and paper products | D41: -14083.795 | E41: -13296.144 | F41: -14078.937 | G41: -14036.425 | H41: -14208.227 | I41: -13797.439 | J41: -13492.926 | K41: -13635.208 | L41: -13657.098 | M41: -14216.47 | N41: -13861.36 | O41: -13008.028 | P41: -12728.503 | Q41: -12956.405
C42: Processed wood fuel (pellets) | D42: -136.72633 | E42: -135.87933 | F42: -166.87 | G42: -297.132 | H42: -320.59133 | I42: -321.145 | J42: -347.545 | K42: -457.314 | L42: -437.85133 | M42: -490.21133 | N42: -354.04233 | O42: -307.34367 | P42: -330.71133 | Q42: -584.342
C43: Wood waste | D43: -125.081 | E43: -25.105667 | F43: -27.72 | G43: -14.575 | H43: -137.70167 | I43: -98.783667 | J43: -124.73633 | K43: -212.542 | L43: -179.53467 | M43: -72.860333 | N43: -84.813667 | O43: -199.12933 | P43: -418.88733 | Q43: -506.74433
C44: Paper waste | D44: -404.69367 | E44: -393.591 | F44: -477.38533 | G44: -574.651 | H44: -506.17967 | I44: -535.414 | J44: -534.38 | K44: -551.16233 | L44: -599.21767 | M44: -545.754 | N44: -512.72467 | O44: -527.175 | P44: -489.65767 | Q44: -610.25433
C45: Total export | D45: =SUM(D33:D44) -> -33947.668 | E45: =SUM(E33:E44) -> -31268.959 | F45: =SUM(F33:F44) -> -31522.198 | G45: =SUM(G33:G44) -> -31440.413 | H45: =SUM(H33:H44) -> -31824.078 | I45: =SUM(I33:I44) -> -31015.681 | J45: =SUM(J33:J44) -> -31118.281 | K45: =SUM(K33:K44) -> -31940.506 | ... Q45: =SUM(Q33:Q44) -> -35471.759
C47: Total domestic use (calculated as total domestic supply plus total import minus total export) | D47: =D29-D45 -> -57254.296 | E47: =E29-E45 -> -52749.151 | F47: =F29-F45 -> -61951.492 | G47: =G29-G45 -> -62035.894 | H47: =H29-H45 -> -61274.498 | I47: =I29-I45 -> -61841.626 | J47: =J29-J45 -> -65278.225 | K47: =K29-K45 -> -63627.07 | ... Q47: =Q29-Q45 -> -65044.684
C49: TOTAL USE | D49: =D45+D47 -> -91201.964 | E49: =E45+E47 -> -84018.11 | F49: =F45+F47 -> -93473.689 | G49: =G45+G47 -> -93476.307 | H49: =H45+H47 -> -93098.576 | I49: =I45+I47 -> -92857.306 | J49: =J45+J47 -> -96396.506 | K49: =K45+K47 -> -95567.576 | ... Q49: =Q45+Q47 -> -100516.44
C53: Wood for energy balance | D53: 2008 | E53: 2009 | F53: 2010 | G53: 2011 | H53: 2012 | I53: 2013 | J53: 2014 | K53: 2015 | L53: 2016 | M53: 2017 | N53: 2018 | O53: 2019 | P53: 2020 | Q53: 2021
C55: Wood for energy domestic supply
C56: Unprocessed wood fuel
C57: Residues from forest, incl. firewood | D57: 8978.2 | E57: 9232.3037 | F57: 7877.1 | G57: 7877.1037 | H57: 10333.4 | I57: 10079.3 | J57: 9825.2 | K57: 10587.504 | L57: 10502.8 | M57: 10756.9 | N57: 10418.1 | O57: 8978.2 | P57: 8131.2 | Q57: 9486.4
C58: Residues from parks and gardens | D58: 5386.5493 | E58: 5388.2258 | F58: 5385.0072 | G58: 5386.415 | H58: 5393.2553 | I58: 5375.3512 | J58: 5390.6385 | K58: 5413.7761 | L58: 5415.842 | M58: 5490.6259 | N58: 5607.14 | O58: 5740.181 | P58: 5735.6361 | Q58: 5926.1078
C59: Residues from sawmilling | D59: 5623.651 | E59: 5528.2993 | F59: 8830.272 | G59: 8167.247 | H59: 6447.1733 | I59: 6112.2197 | J59: 6037.7717 | K59: 5494.6247 | L59: 6407.687 | M59: 6300.3967 | N59: 5043.995 | O59: 7663.546 | P59: 5949.4967 | Q59: 7481.7233
C60: Processed wood fuel (pellets) | D60: 2491.984 | E60: 3378.3383 | F60: 3232.1153 | G60: 2520.0597 | H60: 2986.4523 | I60: 2606.934 | J60: 2238.973 | K60: 2646.116 | L60: 2923.1657 | M60: 2609.002 | N60: 2264.2657 | O60: 1896.4367 | P60: 1668.4103 | Q60: 2515.6267
C61: Black liquor, tall oil pitch, bark from pulp | D61: 15053.727 | E61: 12735.474 | F61: 15694.708 | G61: 17084.569 | H61: 16102.236 | I61: 17281.627 | J61: 17526.139 | K61: 17935.328 | L61: 19110.909 | M61: 14085.731 | N61: 16733.273 | O61: 16635.146 | P61: 18415.093 | Q61: 17466.225
C62: Wood waste | D62: 6281.1943 | E62: 4455.8287 | F62: 2630.474 | G62: 2138.961 | H62: 1647.4627 | I62: 1676.4403 | J62: 1705.4583 | K62: 1872.1963 | L62: 2038.9233 | M62: 2528.9037 | N62: 2669.7513 | O62: 2526.0217 | P62: 2382.3397 | Q62: 2162.6403
C63: Paper waste | D63: 22.789103 | E63: 17.65192 | F63: 12.51503 | G63: 9.8273633 | H63: 7.1399167 | I63: 9.0025467 | J63: 10.86569 | K63: 10.257977 | L63: 9.6507767 | M63: 9.3215833 | N63: 8.9925367 | O63: 9.5940167 | P63: 10.195203 | Q63: 9.4820733
C64: Total domestic supply | D64: =SUM(D57:D63) -> 43838.095 | E64: =SUM(E57:E63) -> 40736.121 | F64: =SUM(F57:F63) -> 43662.192 | G64: =SUM(G57:G63) -> 43184.183 | H64: =SUM(H57:H63) -> 42917.12 | I64: =SUM(I57:I63) -> 43140.875 | J64: =SUM(J57:J63) -> 42735.046 | K64: =SUM(K57:K63) -> 43959.802 | ... Q64: =SUM(Q57:Q63) -> 45048.206
C66: Wood for energy import
C67: Unprocessed wood fuel
C68: Energy wood | D68: 2302.5127 | E68: 2353.3363 | F68: 2418.273 | G68: 2510.7683 | H68: 1866.0913 | I68: 1750.903 | J68: 1697.883 | K68: 1591.227 | L68: 2086.843 | M68: 2671.8083 | N68: 2670.8037 | O68: 2920.764 | P68: 2217.655 | Q68: 1661.341
C69: Processed wood fuel (pellets) | D69: 775.544 | E69: 855.07033 | F69: 1099.571 | G69: 1038.741 | H69: 875.90433 | I69: 1301.366 | J69: 946.67833 | K69: 666.90433 | L69: 505.51967 | M69: 805.25867 | N69: 1070.949 | O69: 1033.6187 | P69: 916.476 | Q69: 985.446
C70: Wood waste | D70: 1169.179 | E70: 763.80333 | F70: 961.17267 | G70: 1357.1177 | H70: 1340.8743 | I70: 1079.8993 | J70: 923.75433 | K70: 923.901 | L70: 1290.5677 | M70: 944.603 | N70: 973.753 | O70: 1418.164 | P70: 859.40433 | Q70: 923.714
C71: Paper waste | D71: 8.9731033 | E71: 9.61081 | F71: 11.62436 | G71: 10.485457 | H71: 9.7802833 | I71: 6.9988233 | J71: 7.05573 | K71: 6.6129433 | L71: 6.98423 | M71: 6.0321433 | N71: 7.4552133 | O71: 6.2885167 | P71: 3.1414167 | Q71: 2.93117
C72: Total import | D72: =SUM(D68:D71) -> 4256.2088 | E72: =SUM(E68:E71) -> 3981.8208 | F72: =SUM(F68:F71) -> 4490.641 | G72: =SUM(G68:G71) -> 4917.1125 | H72: =SUM(H68:H71) -> 4092.6503 | I72: =SUM(I68:I71) -> 4139.1672 | J72: =SUM(J68:J71) -> 3575.3714 | K72: =SUM(K68:K71) -> 3188.6453 | ... Q72: =SUM(Q68:Q71) -> 3573.4322
C74: TOTAL SUPPLY | D74: =D64+D72 -> 48094.304 | E74: =E64+E72 -> 44717.942 | F74: =F64+F72 -> 48152.833 | G74: =G64+G72 -> 48101.296 | H74: =H64+H72 -> 47009.77 | I74: =I64+I72 -> 47280.042 | J74: =J64+J72 -> 46310.417 | K74: =K64+K72 -> 47148.448 | ... Q74: =Q64+Q72 -> 48621.638
C76: Wood for energy use
C77: Intermediate use
C78: Unprocessed wood fuel
C79: Wood for energy from forest | D79: =D57+D68-D89-D93 -> 6266.3737 | E79: =E57+E68-E89-E93 -> 6906.2473 | F79: =F57+F68-F89-F93 -> 5635.2157 | G79: =G57+G68-G89-G93 -> 5583.3763 | H79: =H57+H68-H89-H93 -> 7755.121 | I79: =I57+I68-I89-I93 -> 7629.127 | J79: =J57+J68-J89-J93 -> 7451.114 | K79: =K57+K68-K89-K93 -> 8020.914 | ... Q79: =Q57+Q68-Q89-Q93 -> 7445.9037
C80: Residues from parks and gardens | D80: =D58 -> 5386.5493 | E80: =E58 -> 5388.2258 | F80: =F58 -> 5385.0072 | G80: =G58 -> 5386.415 | H80: =H58 -> 5393.2553 | I80: =I58 -> 5375.3512 | J80: =J58 -> 5390.6385 | K80: =K58 -> 5413.7761 | ... Q80: =Q58 -> 5926.1078
C81: Residues from sawmilling | D81: =D59 -> 5623.651 | E81: =E59 -> 5528.2993 | F81: =F59 -> 8830.272 | G81: =G59 -> 8167.247 | H81: =H59 -> 6447.1733 | I81: =I59 -> 6112.2197 | J81: =J59 -> 6037.7717 | K81: =K59 -> 5494.6247 | ... Q81: =Q59 -> 7481.7233
C82: Processed wood fuel (pellets) | D82: =D60+D69-D90-D94 -> 2308.262 | E82: =E60+E69-E90-E94 -> 3070.7967 | F82: =F60+F69-F90-F94 -> 3188.3207 | G82: =G60+G69-G90-G94 -> 2300.3457 | H82: =H60+H69-H90-H94 -> 2545.5393 | I82: =I60+I69-I90-I94 -> 2654.5603 | J82: =J60+J69-J90-J94 -> 2046.7407 | K82: =K60+K69-K90-K94 -> 2064.5937 | ... Q82: =Q60+Q69-Q90-Q94 -> 2185.0363
C83: Black liquor | D83: =D61 -> 15053.727 | E83: =E61 -> 12735.474 | F83: =F61 -> 15694.708 | G83: =G61 -> 17084.569 | H83: =H61 -> 16102.236 | I83: =I61 -> 17281.627 | J83: =J61 -> 17526.139 | K83: =K61 -> 17935.328 | ... Q83: =Q61 -> 17466.225
C84: Wood waste | D84: =D62+D70-D95 -> 7325.2923 | E84: =E62+E70-E95 -> 5194.5263 | F84: =F62+F70-F95 -> 3563.9267 | G84: =G62+G70-G95 -> 3481.5037 | H84: =H62+H70-H95 -> 2850.6353 | I84: =I62+I70-I95 -> 2657.556 | J84: =J62+J70-J95 -> 2504.4763 | K84: =K62+K70-K95 -> 2583.5553 | ... Q84: =Q62+Q70-Q95 -> 2579.61
C85: Paper waste | D85: =D63+D71-D96 -> 27.71527 | E85: =E63+E71-E96 -> 23.32682 | F85: =F63+F71-F96 -> 19.365537 | G85: =G63+G71-G96 -> 14.56631 | H85: =H63+H71-H96 -> 11.858403 | I85: =I63+I71-I96 -> 10.64723 | J85: =J63+J71-J96 -> 12.57762 | K85: =K63+K71-K96 -> 11.359297 | ... Q85: =Q63+Q71-Q96 -> 6.3107
C86: Final use
C87: Domestic final use (only households known)
C88: Unprocessed wood fuel
C89: Residues and firewood | D89: 4035.6727 | E89: 4241.2773 | F89: 4236.8077 | G89: 4309.1657 | H89: 4085.477 | I89: 3986.4953 | J89: 3851.001 | K89: 3847.0227 | L89: 3854.1507 | M89: 3854.191 | N89: 3298.4857 | O89: 3303.1827 | P89: 3306.941 | Q89: 3384.8503
C90: Processed wood fuel (pellets) | D90: 822.53967 | E90: 1026.7327 | F90: 976.49567 | G90: 961.323 | H90: 996.226 | I90: 932.59467 | J90: 791.36567 | K90: 791.11267 | L90: 808.99133 | M90: 809.45333 | N90: 721.281 | O90: 690.92467 | P90: 689.78067 | Q90: 731.69433
C91: Export
C92: Unprocessed wood fuel
C93: Residues and firewood | D93: =D35*-1 -> 978.66633 | E93: =E35*-1 -> 438.11533 | F93: =F35*-1 -> 423.34967 | G93: =G35*-1 -> 495.33 | H93: =H35*-1 -> 358.89333 | I93: =I35*-1 -> 214.58067 | J93: =J35*-1 -> 220.968 | K93: =K35*-1 -> 310.794 | ... Q93: =Q35*-1 -> 316.987
C94: Processed wood fuel (pellets) | D94: =D42*-1 -> 136.72633 | E94: =E42*-1 -> 135.87933 | F94: =F42*-1 -> 166.87 | G94: =G42*-1 -> 297.132 | H94: =H42*-1 -> 320.59133 | I94: =I42*-1 -> 321.145 | J94: =J42*-1 -> 347.545 | K94: =K42*-1 -> 457.314 | ... Q94: =Q42*-1 -> 584.342
C95: Wood waste | D95: =D43*-1 -> 125.081 | E95: =E43*-1 -> 25.105667 | F95: =F43*-1 -> 27.72 | G95: =G43*-1 -> 14.575 | H95: =H43*-1 -> 137.70167 | I95: =I43*-1 -> 98.783667 | J95: =J43*-1 -> 124.73633 | K95: =K43*-1 -> 212.542 | ... Q95: =Q43*-1 -> 506.74433
C96: Paper waste | D96: =D44*-0.01 -> 4.0469367 | E96: =E44*-0.01 -> 3.93591 | F96: =F44*-0.01 -> 4.7738533 | G96: =G44*-0.01 -> 5.74651 | H96: =H44*-0.01 -> 5.0617967 | I96: =I44*-0.01 -> 5.35414 | J96: =J44*-0.01 -> 5.3438 | K96: =K44*-0.01 -> 5.5116233 | ... Q96: =Q44*-0.01 -> 6.1025433
C98: TOTAL USE | D98: =SUM(D79:D96) -> 48094.304 | E98: =SUM(E79:E96) -> 44717.942 | F98: =SUM(F79:F96) -> 48152.833 | G98: =SUM(G79:G96) -> 48101.296 | H98: =SUM(H79:H96) -> 47009.77 | I98: =SUM(I79:I96) -> 47280.042 | J98: =SUM(J79:J96) -> 46310.417 | K98: =SUM(K79:K96) -> 47148.448 | ... Q98: =SUM(Q79:Q96) -> 48621.638
C102: Carbon emissions summary | D102: 2008 | E102: 2009 | F102: 2010 | G102: 2011 | H102: 2012 | I102: 2013 | J102: 2014 | K102: 2015 | L102: 2016 | M102: 2017 | N102: 2018 | O102: 2019 | P102: 2020 | Q102: 2021
C105: DOMESTIC SUPPLY (harvest) | D105: =D11 -> -75348.753 | E105: =E11 -> -70776.633 | F105: =F11 -> -77380.007 | G105: =G11 -> -76873.219 | H105: =H11 -> -77218.855 | I105: =I11 -> -77031.555 | J105: =J11 -> -80350.139 | K105: =K11 -> -80966.18 | ... Q105: =Q11 -> -84358.304
C106: Wood for energy supply | D106: =D64 -> 43838.095 | E106: =E64 -> 40736.121 | F106: =F64 -> 43662.192 | G106: =G64 -> 43184.183 | H106: =H64 -> 42917.12 | I106: =I64 -> 43140.875 | J106: =J64 -> 42735.046 | K106: =K64 -> 43959.802 | ... Q106: =Q64 -> 45048.206
C107: Wood products supply | D107: =D105+D106 -> -31510.658 | E107: =E105+E106 -> -30040.512 | F107: =F105+F106 -> -33717.815 | G107: =G105+G106 -> -33689.036 | H107: =H105+H106 -> -34301.735 | I107: =I105+I106 -> -33890.68 | J107: =J105+J106 -> -37615.093 | K107: =K105+K106 -> -37006.377 | ... Q107: =Q105+Q106 -> -39310.099
C109: IMPORT | D109: =D27 -> -15853.211 | E109: =E27 -> -13241.477 | F109: =F27 -> -16093.682 | G109: =G27 -> -16603.088 | H109: =H27 -> -15879.721 | I109: =I27 -> -15825.751 | J109: =J27 -> -16046.367 | K109: =K27 -> -14601.396 | ... Q109: =Q27 -> -16158.138
C110: Wood for energy import | D110: =D72 -> 4256.2088 | E110: =E72 -> 3981.8208 | F110: =F72 -> 4490.641 | G110: =G72 -> 4917.1125 | H110: =H72 -> 4092.6503 | I110: =I72 -> 4139.1672 | J110: =J72 -> 3575.3714 | K110: =K72 -> 3188.6453 | ... Q110: =Q72 -> 3573.4322
C111: Wood products import | D111: =D109+D110 -> -11597.002 | E111: =E109+E110 -> -9259.6565 | F111: =F109+F110 -> -11603.041 | G111: =G109+G110 -> -11685.976 | H111: =H109+H110 -> -11787.071 | I111: =I109+I110 -> -11686.584 | J111: =J109+J110 -> -12470.996 | K111: =K109+K110 -> -11412.751 | ... Q111: =Q109+Q110 -> -12584.706
C113: DOMESTIC USE
C114: Wood for energy use | D114: =D106+D110-D118 -> 46849.783 | E114: =E106+E110-E118 -> 44114.906 | F114: =F106+F110-F118 -> 47530.119 | G114: =G106+G110-G118 -> 47288.512 | H114: =H106+H110-H118 -> 46187.522 | I114: =I106+I110-I118 -> 46640.178 | J114: =J106+J110-J118 -> 45611.824 | K114: =K106+K110-K118 -> 46162.286 | ... Q114: =Q106+Q110-Q118 -> 47207.462
C115: Wood products use | D115: =D107+D111-D119 -> -10404.512 | E115: =E107+E111-E119 -> -8634.2452 | F115: =F107+F111-F119 -> -14421.372 | G115: =G107+G111-G119 -> -14747.382 | H115: =H107+H111-H119 -> -15086.976 | I115: =I107+I111-I119 -> -15201.447 | J115: =J107+J111-J119 -> -19666.4 | K115: =K107+K111-K119 -> -17464.784 | ... Q115: =Q107+Q111-Q119 -> -17837.222
C117: EXPORT | D117: =D45 -> -33947.668 | E117: =E45 -> -31268.959 | F117: =F45 -> -31522.198 | G117: =G45 -> -31440.413 | H117: =H45 -> -31824.078 | I117: =I45 -> -31015.681 | J117: =J45 -> -31118.281 | K117: =K45 -> -31940.506 | ... Q117: =Q45 -> -35471.759
C118: Wood for energy export | D118: =SUM(D93:D96) -> 1244.5206 | E118: =SUM(E93:E96) -> 603.03624 | F118: =SUM(F93:F96) -> 622.71352 | G118: =SUM(G93:G96) -> 812.78351 | H118: =SUM(H93:H96) -> 822.24813 | I118: =SUM(I93:I96) -> 639.86347 | J118: =SUM(J93:J96) -> 698.59313 | K118: =SUM(K93:K96) -> 986.16162 | ... Q118: =SUM(Q93:Q96) -> 1414.1759
C119: Wood products export | D119: =D117+D118 -> -32703.148 | E119: =E117+E118 -> -30665.923 | F119: =F117+F118 -> -30899.484 | G119: =G117+G118 -> -30627.629 | H119: =H117+H118 -> -31001.83 | I119: =I117+I118 -> -30375.817 | J119: =J117+J118 -> -30419.688 | K119: =K117+K118 -> -30954.344 | ... Q119: =Q117+Q118 -> -34057.583
C121: TOTAL SUPPLY (DOMESTIC SUPPLY + IMPORT) = TOTAL USE (DOMESTIC USE + EXPORT)
C122: Wood for energy supply and use | D122: =D110+D106 -> 48094.304 | E122: =E110+E106 -> 44717.942 | F122: =F110+F106 -> 48152.833 | G122: =G110+G106 -> 48101.296 | H122: =H110+H106 -> 47009.77 | I122: =I110+I106 -> 47280.042 | J122: =J110+J106 -> 46310.417 | K122: =K110+K106 -> 47148.448 | ... Q122: =Q110+Q106 -> 48621.638
C123: Wood products supply and use | D123: =D111+D107 -> -43107.66 | E123: =E111+E107 -> -39300.168 | F123: =F111+F107 -> -45320.856 | G123: =G111+G107 -> -45375.012 | H123: =H111+H107 -> -46088.806 | I123: =I111+I107 -> -45577.264 | J123: =J111+J107 -> -50086.089 | K123: =K111+K107 -> -48419.128 | ... Q123: =Q111+Q107 -> -51894.805

Sheet data_from_tbl_3_in_manuscript
B1: Table 3 in manuscript
B2: Types of GHG emissions | C2: 2008 | D2: 2010 | E2: 2015 | F2: 2016 | G2: 2017 | H2: 2018 | I2: 2019 | J2: 2020 | K2: 2021 | L2: 2008 to 2021 average value | M2: 2008 to 2021 change
B3: 1. Net GHG emissions capture in the forest | C3: =C24 -> -56.26 | D3: =E24 -> -59.7122 | E3: =J24 -> -53.6558 | F3: =K24 -> -49.305 | G3: =L24 -> -44.1772 | H3: =M24 -> -39.5009 | I3: =N24 -> -37.3027 | J3: =O24 -> -35.632 | K3: =P24 -> -31.4792 | L3: =AVERAGE(C24:P24) -> -49.603421 | M3: =K3-C3 -> 24.7808
B4: 1.1. Living biomass net CO2 emissions | C4: =C25 -> -33.2333 | D4: =E25 -> -35.7218 | E4: =J25 -> -29.8192 | F4: =K25 -> -23.7811 | G4: =L25 -> -16.7859 | H4: =M25 -> -11.4499 | I4: =N25 -> -9.0364 | J4: =O25 -> -5.406 | K4: =P25 -> -1.6109 | L4: =AVERAGE(C25:P25) -> -23.198757 | M4: =K4-C4 -> 31.6224
B5: 1.2. Dead organic matter and soil net CO2 emissions | C5: =C27 -> -23.0267 | D5: =E27 -> -23.9904 | E5: =J27 -> -23.8366 | F5: =K27 -> -25.5239 | G5: =L27 -> -27.3913 | H5: =M27 -> -28.051 | I5: =N27 -> -28.2663 | J5: =O27 -> -30.226 | K5: =P27 -> -29.8683 | L5: =AVERAGE(C27:P27) -> -26.404664 | M5: =K5-C5 -> -6.8416
B6: 2. CO2 emissions stored in Swedish forest harvest | C6: =C28 -> -69.962204 | D6: =E28 -> -71.995 | E6: =J28 -> -75.552404 | F6: =K28 -> -74.705404 | G6: =L28 -> -73.858404 | H6: =M28 -> -76.399396 | I6: =N28 -> -75.5524 | J6: =O28 -> -74.7054 | K6: =P28 -> -78.432196 | L6: =AVERAGE(C28:P28) -> -73.319952 | M6: =K6-C6 -> -8.4699927
B7: 2.1. Wood in products | C7: =C29 -> -31.510658 | D7: =E29 -> -33.717815 | E7: =J29 -> -37.006377 | F7: =K29 -> -33.712268 | G7: =L29 -> -37.568149 | H7: =M29 -> -39.261018 | I7: =N29 -> -37.843456 | J7: =O29 -> -38.148665 | K7: =P29 -> -39.310099 | L7: =AVERAGE(C29:P29) -> -35.543969 | M7: =K7-C7 -> -7.7994407
B8: 2.2. Wood for energy at time of harvest | C8: =C30 -> -38.451546 | D8: =E30 -> -38.277185 | E8: =J30 -> -38.546026 | F8: =K30 -> -40.993135 | G8: =L30 -> -36.290255 | H8: =M30 -> -37.138378 | I8: =N30 -> -37.708944 | J8: =O30 -> -36.556735 | K8: =P30 -> -39.122098 | L8: =AVERAGE(C30:P30) -> -37.775983 | M8: =K8-C8 -> -0.67055197
B9: 3. CO2 emissions stored in wood-based products import | C9: =C31 -> -15.853211 | D9: =E31 -> -16.093682 | E9: =J31 -> -14.601396 | F9: =K31 -> -16.094423 | G9: =L31 -> -17.024572 | H9: =M31 -> -20.182202 | I9: =N31 -> -19.75325 | J9: =O31 -> -17.048181 | K9: =P31 -> -16.158138 | L9: =AVERAGE(C31:P31) -> -16.457533 | M9: =K9-C9 -> -0.30492733
B10: 3.1. Wood in products | C10: =C32 -> -11.597002 | D10: =E32 -> -11.603041 | E10: =J32 -> -11.412751 | F10: =K32 -> -12.204508 | G10: =L32 -> -12.59687 | H10: =M32 -> -15.459241 | I10: =N32 -> -14.374415 | J10: =O32 -> -13.051505 | K10: =P32 -> -12.584706 | L10: =AVERAGE(C32:P32) -> -12.269594 | M10: =K10-C10 -> -0.98770393
B11: 3.2. Wood for energy at time of import | C11: =C33 -> -4.2562088 | D11: =E33 -> -4.490641 | E11: =J33 -> -3.1886453 | F11: =K33 -> -3.8899146 | G11: =L33 -> -4.4277021 | H11: =M33 -> -4.7229609 | I11: =N33 -> -5.3788352 | J11: =O33 -> -3.9966768 | K11: =P33 -> -3.5734322 | L11: =AVERAGE(C33:P33) -> -4.1879385 | M11: =K11-C11 -> 0.6827766
B12: 4. Economy-wide GHG emissions | C12: =C34 -> 52.700068 | D12: =E34 -> 52.838927 | E12: =J34 -> 48.840415 | F12: =K34 -> 51.916679 | G12: =L34 -> 47.864957 | H12: =M34 -> 49.856598 | I12: =N34 -> 50.127284 | J12: =O34 -> 46.756336 | K12: =P34 -> 49.057164 | L12: =AVERAGE(C34:P34) -> 49.888193 | M12: =K12-C12 -> -3.6429036
B13: 4.1. Wood for energy at time of incineration | C13: =C35 -> 42.707755 | D13: =E35 -> 42.767826 | E13: =J35 -> 41.734672 | F13: =K35 -> 44.88305 | G13: =L35 -> 40.717957 | H13: =M35 -> 41.861339 | I13: =N35 -> 43.08778 | J13: =O35 -> 40.553411 | K13: =P35 -> 42.69553 | L13: =AVERAGE(C35:P35) -> 41.963921 | M13: =K13-C13 -> -0.01222463
B14: 4.2. Production-based and upstream GHG emissions | C14: =C36 -> 9.992313 | D14: =E36 -> 10.071101 | E14: =J36 -> 7.105743 | F14: =K36 -> 7.033629 | G14: =L36 -> 7.147 | H14: =M36 -> 7.995259 | I14: =N36 -> 7.039504 | J14: =O36 -> 6.202925 | K14: =P36 -> 6.361634 | L14: =AVERAGE(C36:P36) -> 7.9242716 | M14: =K14-C14 -> -3.630679
B15: Emission balance
B16: 5. Total economy-wide net GHG emissions (1.+ 2. + 3. + 4.) | C16: =C38 -> -89.375347 | D16: =E38 -> -94.961955 | E16: =J38 -> -94.969185 | F16: =K38 -> -88.188147 | G16: =L38 -> -87.195218 | H16: =M38 -> -86.225901 | I16: =N38 -> -82.481066 | J16: =O38 -> -80.629245 | K16: =P38 -> -77.012371 | L16: =AVERAGE(C38:P38) -> -89.492713 | M16: =K16-C16 -> 12.362976
B17: 5.1. Economy-wide net GHG emissions related to Swedish forest alone (1.1. + 1.2. + 2.1. +4.2.) | C17: =C39 -> -77.778345 | D17: =E39 -> -83.358914 | E17: =J39 -> -83.556434 | F17: =K39 -> -75.983639 | G17: =L39 -> -74.598349 | H17: =M39 -> -70.766659 | I17: =N39 -> -68.106652 | J17: =O39 -> -67.57774 | K17: =P39 -> -64.427665 | L17: =AVERAGE(C39:P39) -> -77.223119 | M17: =K17-C17 -> 13.35068
B18: 6. Forest net emissions as a share of economy-wide net emissions (1. / 5.) | C18: =C3/C16 -> 0.62948007 | D18: =D3/D16 -> 0.62880129 | E18: =E3/E16 -> 0.56498115 | F18: =F3/F16 -> 0.55908874 | G18: =G3/G16 -> 0.50664705 | H18: =H3/H16 -> 0.45810945 | I18: =I3/I16 -> 0.45225773 | J18: =J3/J16 -> 0.44192402 | K18: =K3/K16 -> 0.40875511 | L18: =AVERAGE(C40:P40) -> 0.54998738
B19: 7. Economy net emissions as a share of economy-wide net emissions (2. + 3.) / 5. | C19: =(C6+C9+C12)/C16 -> 0.37051993 | D19: =(D6+D9+D12)/D16 -> 0.37119871 | E19: =(E6+E9+E12)/E16 -> 0.43501885 | F19: =(F6+F9+F12)/F16 -> 0.44091126 | G19: =(G6+G9+G12)/G16 -> 0.49335295 | H19: =(H6+H9+H12)/H16 -> 0.54189055 | I19: =(I6+I9+I12)/I16 -> 0.54774227 | J19: =(J6+J9+J12)/J16 -> 0.55807598 | K19: =(K6+K9+K12)/K16 -> 0.59124489 | L19: =AVERAGE(C41:P41) -> 0.45001262
B22: Supporting table for table 3 in manuscript
B23: Types of GHG emissions | C23: 2008 | D23: 2009 | E23: 2010 | F23: 2011 | G23: 2012 | H23: 2013 | I23: 2014 | J23: 2015 | K23: 2016 | L23: 2017 | M23: 2018 | N23: 2019 | O23: 2020 | P23: 2021
B24: 1. Net GHG emissions capture in the forest | C24: =C25+C27 -> -56.26 | D24: =D25+D27 -> -58.5667 | E24: =E25+E27 -> -59.7122 | F24: =F25+F27 -> -58.5979 | G24: =G25+G27 -> -57.6108 | H24: =H25+H27 -> -57.5458 | I24: =I25+I27 -> -55.1017 | J24: =J25+J27 -> -53.6558 | ... P24: =P25+P27 -> -31.4792
B25: 1.1. Living biomass net CO2 emissions | C25: -33.2333 | D25: -36.2027 | E25: -35.7218 | F25: -32.7766 | G25: -30.631 | H25: -29.8519 | I25: -28.4759 | J25: -29.8192 | K25: -23.7811 | L25: -16.7859 | M25: -11.4499 | N25: -9.0364 | O25: -5.406 | P25: -1.6109
B26: 1.1.1. Living biomass net CO2 emissions before harvest | C26: =C25+C28 -> -103.1955 | D26: =D25+D28 -> -101.59111 | E26: =E25+E28 -> -107.7168 | F26: =F25+F28 -> -104.2634 | G26: =G25+G28 -> -102.4566 | H26: =H25+H28 -> -101.5081 | I26: =I25+I28 -> -103.4354 | J26: =J25+J28 -> -105.3716 | ... P26: =P25+P28 -> -80.043096
B27: 1.2. Dead organic matter and soil net CO2 emissions | C27: -23.0267 | D27: -22.364 | E27: -23.9904 | F27: -25.8213 | G27: -26.9798 | H27: -27.6939 | I27: -26.6258 | J27: -23.8366 | K27: -25.5239 | L27: -27.3913 | M27: -28.051 | N27: -28.2663 | O27: -30.226 | P27: -29.8683
B28: 2. CO2 emissions stored in Swedish forest harvest | C28: -69.962204 | D28: -65.388407 | E28: -71.995 | F28: -71.486804 | G28: -71.8256 | H28: -71.656204 | I28: -74.9595 | J28: -75.552404 | K28: -74.705404 | L28: -73.858404 | M28: -76.399396 | N28: -75.5524 | O28: -74.7054 | P28: -78.432196
B29: 2.1. Wood in products | C29: -31.510658 | D29: -30.040512 | E29: -33.717815 | F29: -33.689036 | G29: -34.301735 | H29: -33.89068 | I29: -37.615093 | J29: -37.006377 | K29: -33.712268 | L29: -37.568149 | M29: -39.261018 | N29: -37.843456 | O29: -38.148665 | P29: -39.310099
B30: 2.2. Wood for energy at time of harvest | C30: -38.451546 | D30: -35.347896 | E30: -38.277185 | F30: -37.797768 | G30: -37.523865 | H30: -37.765524 | I30: -37.344407 | J30: -38.546026 | K30: -40.993135 | L30: -36.290255 | M30: -37.138378 | N30: -37.708944 | O30: -36.556735 | P30: -39.122098
B31: 3. CO2 emissions stored in wood-based products import | C31: =C32+C33 -> -15.853211 | D31: =D32+D33 -> -13.241477 | E31: =E32+E33 -> -16.093682 | F31: =F32+F33 -> -16.603088 | G31: =G32+G33 -> -15.879721 | H31: =H32+H33 -> -15.825751 | I31: =I32+I33 -> -16.046367 | J31: =J32+J33 -> -14.601396 | ... P31: =P32+P33 -> -16.158138
B32: 3.1. Wood in products | C32: =data_from_tbl_2_in_manuscript_2!D111/1000 -> -11.597002 | D32: =data_from_tbl_2_in_manuscript_2!E111/1000 -> -9.2596565 | E32: =data_from_tbl_2_in_manuscript_2!F111/1000 -> -11.603041 | F32: =data_from_tbl_2_in_manuscript_2!G111/1000 -> -11.685976 | G32: =data_from_tbl_2_in_manuscript_2!H111/1000 -> -11.787071 | H32: =data_from_tbl_2_in_manuscript_2!I111/1000 -> -11.686584 | I32: =data_from_tbl_2_in_manuscript_2!J111/1000 -> -12.470996 | J32: =data_from_tbl_2_in_manuscript_2!K111/1000 -> -11.412751 | ... P32: =data_from_tbl_2_in_manuscript_2!Q111/1000 -> -12.584706
B33: 2.2. Wood for energy at time of import | C33: =data_from_tbl_2_in_manuscript_2!D110/-1000 -> -4.2562088 | D33: =data_from_tbl_2_in_manuscript_2!E110/-1000 -> -3.9818208 | E33: =data_from_tbl_2_in_manuscript_2!F110/-1000 -> -4.490641 | F33: =data_from_tbl_2_in_manuscript_2!G110/-1000 -> -4.9171125 | G33: =data_from_tbl_2_in_manuscript_2!H110/-1000 -> -4.0926503 | H33: =data_from_tbl_2_in_manuscript_2!I110/-1000 -> -4.1391672 | I33: =data_from_tbl_2_in_manuscript_2!J110/-1000 -> -3.5753714 | J33: =data_from_tbl_2_in_manuscript_2!K110/-1000 -> -3.1886453 | ... P33: =data_from_tbl_2_in_manuscript_2!Q110/-1000 -> -3.5734322
B34: 4. Economy-wide GHG emissions | C34: =C35+C36 -> 52.700068 | D34: =D35+D36 -> 47.779267 | E34: =E35+E36 -> 52.838927 | F34: =F35+F36 -> 52.515173 | G34: =G35+G36 -> 49.829606 | H34: =H35+H36 -> 49.967364 | I34: =I35+I36 -> 48.384865 | J34: =J35+J36 -> 48.840415 | ... P34: =P35+P36 -> 49.057164
B35: 4.1. Wood for energy CO2 emissions | C35: =(C30+C33)*-1 -> 42.707755 | D35: =(D30+D33)*-1 -> 39.329716 | E35: =(E30+E33)*-1 -> 42.767826 | F35: =(F30+F33)*-1 -> 42.71488 | G35: =(G30+G33)*-1 -> 41.616515 | H35: =(H30+H33)*-1 -> 41.904691 | I35: =(I30+I33)*-1 -> 40.919779 | J35: =(J30+J33)*-1 -> 41.734672 | ... P35: =(P30+P33)*-1 -> 42.69553
B36: 4.2. Production-based and upstream GHG emissions | C36: 9.992313 | D36: 8.449551 | E36: 10.071101 | F36: 9.800293 | G36: 8.213091 | H36: 8.062673 | I36: 7.465086 | J36: 7.105743 | K36: 7.033629 | L36: 7.147 | M36: 7.995259 | N36: 7.039504 | O36: 6.202925 | P36: 6.361634
B37: Emission balances
B38: 5. Total economy-wide net GHG emissions (1.+ 2. + 3. + 4.) | C38: =C24+C28+C31+C34 -> -89.375347 | D38: =D24+D28+D31+D34 -> -89.417317 | E38: =E24+E28+E31+E34 -> -94.961955 | F38: =F24+F28+F31+F34 -> -94.172619 | G38: =G24+G28+G31+G34 -> -95.486515 | H38: =H24+H28+H31+H34 -> -95.060391 | I38: =I24+I28+I31+I34 -> -97.722703 | J38: =J24+J28+J31+J34 -> -94.969185 | ... P38: =P24+P28+P31+P34 -> -77.012371
B39: 5.1. Economy-wide net GHG emissions related to Swedish forest alone (1.1. + 1.2. + 2.1. +4.2.) | C39: =C25+C27+C29+C36 -> -77.778345 | D39: =D25+D27+D29+D36 -> -80.157661 | E39: =E25+E27+E29+E36 -> -83.358914 | F39: =F25+F27+F29+F36 -> -82.486643 | G39: =G25+G27+G29+G36 -> -83.699444 | H39: =H25+H27+H29+H36 -> -83.373807 | I39: =I25+I27+I29+I36 -> -85.251707 | J39: =J25+J27+J29+J36 -> -83.556434 | ... P39: =P25+P27+P29+P36 -> -64.427665
B40: 6. Forest net emissions as a share of economy-wide net emissions (1. / 5.) | C40: =C24/C38 -> 0.62948007 | D40: =D24/D38 -> 0.65498163 | E40: =E24/E38 -> 0.62880129 | F40: =F24/F38 -> 0.62223926 | G40: =G24/G38 -> 0.60333964 | H40: =H24/H38 -> 0.60536044 | I40: =I24/I38 -> 0.56385772 | J40: =J24/J38 -> 0.56498115 | ... P40: =P24/P38 -> 0.40875511
B41: 7. Economy net emissions as a share of economy-wide net emissions (2. + 3.) / 5. | C41: =(C28+C31+C34)/C38 -> 0.37051993 | D41: =(D28+D31+D34)/D38 -> 0.34501837 | E41: =(E28+E31+E34)/E38 -> 0.37119871 | F41: =(F28+F31+F34)/F38 -> 0.37776074 | G41: =(G28+G31+G34)/G38 -> 0.39666036 | H41: =(H28+H31+H34)/H38 -> 0.39463956 | I41: =(I28+I31+I34)/I38 -> 0.43614228 | J41: =(J28+J31+J34)/J38 -> 0.43501885 | ... P41: =(P28+P31+P34)/P38 -> 0.59124489

Sheet data_from_tbl_4_in_manuscript
A1: Unit: Mt CO2-eq | B1: 2008 | C1: 2009 | D1: 2010 | E1: 2011 | F1: 2012 | G1: 2013 | H1: 2014 | I1: 2015 | J1: 2016 | K1: 2017 | L1: 2018 | M1: 2019 | N1: 2020 | O1: 2021 | P1: Mean GHG | Q1: Mean STD | R1: Relative contribution (%)
A2: All components | B2: 4.5256604 | C2: 4.3996171 | D2: 4.0542595 | E2: 3.9767847 | F2: 3.8322376 | G2: 3.8359968 | H2: 3.7780129 | I2: 4.1391587 | J2: 4.0683592 | K2: 3.960637 | L2: 3.9582447 | M2: 3.8895658 | N2: 3.86879 | O2: 3.8318359 | P2: -89.330404 | Q2: 4.0085115 | R2: -
A3: LULUCF emissions | B3: 2.3500596 | C3: 2.4719235 | D3: 2.473647 | E3: 2.3983528 | F3: 2.342019 | G3: 2.3724307 | H3: 2.2651399 | I3: 2.2015292 | J3: 2.0276098 | K3: 1.8490495 | L3: 1.757866 | M3: 1.708908 | N3: 1.7911901 | O3: 1.7281534 | P3: -89.50446 | Q3: 2.1241342 | R3: 28.630661
A4: Conversion factors | B4: 1.8438606 | C4: 1.6990029 | D4: 1.8496162 | E4: 1.7838334 | F4: 1.8443394 | G4: 1.7987358 | H4: 2.0325209 | I4: 1.9913132 | J4: 1.9069456 | K4: 1.9354108 | L4: 2.0045672 | M4: 1.9551678 | N4: 1.8973233 | O4: 2.0111424 | P4: -89.435356 | Q4: 1.8966985 | R4: 22.827802
A5: Harvest statistics | B5: 2.3806733 | C5: 2.3239594 | D5: 1.4016976 | E5: 1.4352769 | F5: 1.1373259 | G5: 1.1241491 | H5: 1.1266093 | I5: 2.1198416 | J5: 2.1316096 | K5: 2.0893705 | L5: 2.0625515 | M5: 2.0262716 | N5: 1.9720101 | O5: 2.0025689 | P5: -89.248779 | Q5: 1.8095654 | R5: 20.778588
A6: Energy statistics | B6: 1.5024176 | C6: 1.3699147 | D6: 1.4005603 | E6: 1.3943569 | F6: 1.4030515 | G6: 1.3701976 | H6: 1.3801298 | I6: 1.4041368 | J6: 1.411195 | K6: 1.4006808 | L6: 1.387168 | M6: 1.35487 | N6: 1.3706346 | O6: 1.363945 | P6: -89.497581 | Q6: 1.3938042 | R6: 12.327386
A7: GHG emissions | B7: 1.2668181 | C7: 1.2751772 | D7: 1.2667377 | E7: 1.2809908 | F7: 1.2578602 | G7: 1.2686137 | H7: 1.2971262 | I7: 1.2673842 | J7: 1.2780091 | K7: 1.269572 | L7: 1.2728913 | M7: 1.278904 | N7: 1.2885484 | O7: 1.284301 | P7: -89.495974 | Q7: 1.2752096 | R7: 10.318833
A8: Trade statistics | B8: 0.71877791 | C8: 0.66518516 | D8: 0.67054291 | E8: 0.64352527 | F8: 0.62440166 | G8: 0.6425586 | H8: 0.64181373 | I8: 0.66007994 | J8: 0.63575079 | K8: 0.72394263 | L8: 0.83594089 | M8: 0.8975133 | N8: 0.87159308 | O8: 0.89572274 | P8: -89.584469 | Q8: 0.72338204 | R8: 3.3204957
A9: Production and waste statistics | B9: 0.80203236 | C9: 0.68157371 | D9: 0.64073033 | E9: 0.59518396 | F9: 0.59863342 | G9: 0.50959118 | H9: 0.45247749 | I9: 0.4443294 | J9: 0.4575571 | K9: 0.45512383 | L9: 0.48712887 | M9: 0.44072686 | N9: 0.43910464 | O9: 0.44442519 | P9: -89.55198 | Q9: 0.53204417 | R9: 1.7962337

Sheet SCB_EXIOBASE_concordance_table
A1: Swedish national accounts product code | B1: Swedish national accounts product text | C1: EXIOBASE product code | D1: EXIOBASE product text
A2: A01 | B2: Products of agriculture, hunting and related services | C2: p01.a | D2: Paddy rice
A3: A01 | B3: Products of agriculture, hunting and related services | C3: p01.b | D3: Wheat
A4: A01 | B4: Products of agriculture, hunting and related services | C4: p01.c | D4: Cereal grains nec
A5: A01 | B5: Products of agriculture, hunting and related services | C5: p01.d | D5: Vegetables, fruit, nuts
A6: A01 | B6: Products of agriculture, hunting and related services | C6: p01.e | D6: Oil seeds
A7: A01 | B7: Products of agriculture, hunting and related services | C7: p01.f | D7: Sugar cane, sugar beet
A8: A01 | B8: Products of agriculture, hunting and related services | C8: p01.g | D8: Plant-based fibers
A9: A01 | B9: Products of agriculture, hunting and related services | C9: p01.h | D9: Crops nec
A10: A01 | B10: Products of agriculture, hunting and related services | C10: p01.i | D10: Cattle
A11: A01 | B11: Products of agriculture, hunting and related services | C11: p01.j | D11: Pigs
A12: A01 | B12: Products of agriculture, hunting and related services | C12: p01.k | D12: Poultry
... A348: T97_U99 | B348: Acquisition work in HH; International organisations | C348: p99 | D348: Extra-territorial organizations and bodies

Sheet wood-based_products_industries
A1: Swedish MSUT industries* | B1: Swedish IOT products | C1: Swedish MSUT products
A2: Wood-specific industries | B2: Wood-specific products | C2: Wood-specific products
A3: Forestry and logging | B3: Products of forestry, logging and related services | C3: Forest resources
C4: Pulpwood
C5: Sawlogs
C6: Logging residue, wood chips, etc.
C7: Firewood
C8: Energy crops
C9: Drainage
C10: Forest management, public
C11: Forestry services, seedlings, and seeds
C12: Mushrooms, forest berries, moss
C13: Support services for forestry
A14: Sawmilling and planing of wood | B14: Sawing and planing of wood | C14: Sawn, planed, and impregnated wood
A15: Manufacture of products of wood, cork, straw and plaiting materials | B15: Wood product manufacturing | C15: Prefabricated wooden buildings
C16: Carpentry
C17: Wooden packaging
C18: Processed and unprocessed wood fuels
C19: Other wood products and products of cork, straw, etc.
C20: Wood panels and parquet flooring
A21: Manufacture of pulp | B21: Pulp manufacturing | C21: Mechanical or semi-chemical pulp
C22: Sulfite and sulfate wood pulp
C23: Tall oil, charcoal, by-products of wood pulp manufacture
A24: Manufacture of paper and paperboard | B24: Paper and cardboard supplies | C24: Newsprint and writing paper
C25: Other printing paper excluding newsprint and writing paper
C26: Kraft paper and paperboard
C27: Other paper and paperboard production
A28: Manufacture of articles of paper and paperboard | B28: Paper and cardboard products | C28: Corrugated paper, paperboard incl. Containers
C29: Household and sanitary paper products
C30: Wallpaper
C31: Other paper or paperboard products
A32: Wood-related industries | B32: Wood-related products and services | C32: Wood-related products and services
A33: Manufacture of chemicals and chemical products | B33: Chemicals and chemical products | C33: Several products containing wood materials
A34: Manufacture of furniture | B34: Furniture | C34: Furniture
A35: Construction and construction activities | B35: Building and Construction | C35: Construction and civil engineering works
A36: Printing and reproduction of recorded media | B36: Printing and recording services | C36: Printing and reproduction of recorded media
A37: Publishing activities | B37: Publishing services | C37: Book and magazine publishing services
A38: Electric power generation, transmission and distribution | B38: Electricity production | C38: Electricity transmission and distribution
A39: Steam and air conditioning supply | B39: Heat and cooling supply services | C39: Heat and cooling supply services
A40: Drainage, waste management, recycling and sanitation | B40: Water, sewage, waste, etc | C40: Waste collection services (includes wood waste)
C41: Recycling of waste
A42: * The industry-to-product correspondence is based on the main activity of the industry; several industries could and often do produce products outside of their main activity

Sheet industry_product_based_emission
A1: Comparison of industry and product-based output and emissions for the industries Agriculture and Forestry. The cells coloured in yellow show original data in the SCB data delivery that was modified.
C2: 2013 | D2: 2014 | E2: 2015 | F2: 2016 | G2: Percentage difference 2014 - 2015
A3: Industry-based data on Statistics Sweden's database
A4: Agriculture | B4: Output, million SEK | C4: 76529 | D4: 78237 | E4: 79793 | F4: 80473 | G4: 1.99
B5: Emissions, ghg CO2e, 1000 t | C5: 7696 | D5: 7704 | E5: 7694 | F5: 7607 | G5: -0.13
B6: Emissions, CH4, t | C6: 132 | D6: 132 | E6: 131 | F6: 131 | G6: -0.38
B7: Emissions, N2O, t | C7: 10 | D7: 10 | E7: 10 | F7: 10 | G7: 0.81
B8: Emission intensity, KG CO2e/ 1000 SEK | C8: 101 | D8: 98 | E8: 96 | F8: 95 | G8: -2.08
B9: Emission intensity, KG CH4/ million SEK | C9: 1720 | D9: 1681 | E9: 1642 | F9: 1627 | G9: -2.32
B10: Emission intensity, KG N2O/ million SEK | C10: 131 | D10: 133 | E10: 131 | F10: 129 | G10: -1.16
A11: Forestry | B11: Output, million SEK | C11: 78652 | D11: 81734 | E11: 81298 | F11: 81509 | G11: -0.53
B12: Emissions, ghg CO2e, 1000 t | C12: 996 | D12: 971 | E12: 961 | F12: 891 | G12: -1.03
B13: Emissions, CH4, t | C13: 128 | D13: 131 | E13: 130 | F13: 134 | G13: -0.76
B14: Emissions, N2O, t | C14: 29 | D14: 30 | E14: 30 | F14: 31 | G14: 0
B15: Emission intensity, KG CO2e/ 1000 SEK | C15: 13 | D15: 12 | E15: 12 | F15: 11 | G15: -0.5
B16: Emission intensity, KG CH4/ million SEK | C16: 1.63 | D16: 1.6 | E16: 1.6 | F16: 1.64 | G16: -0.23
B17: Emission intensity, KG N2O/ million SEK | C17: 0.37 | D17: 0.37 | E17: 0.37 | F17: 0.38 | G17: 0.54
A18: Product-based data in SCB IOT model
A19: Products from Agriculture | B19: Output, million SEK | C19: 48557 | D19: 49762 | E19: 57976 | F19: 59646 | G19: 16.51
B20: Emissions, ghg CO2e, 1000 t | C20: 7216 | D20: 7308 | E20: 5612 | F20: 5591 | G20: -23.21
B21: Emissions, CH4, t | C21: 123445 | D21: 124752 | E21: 92510 | F21: 93055 | G21: -25.84
B22: Emissions, N2O, t | C22: 9407 | D22: 9870 | E22: 8058 | F22: 8038 | G22: -18.36
B23: Emission intensity, KG CO2e/ 1000 SEK | C23: 149 | D23: 147 | E23: 97 | F23: 94 | G23: -34.09
B24: Emission intensity, KG CH4/ million SEK | C24: 2542 | D24: 2507 | E24: 1596 | F24: 1560 | G24: -36.35
B25: Emission intensity, KG N2O/ million SEK | C25: 194 | D25: 198 | E25: 139 | F25: 135 | G25: -29.93
A26: Products from Forestry | B26: Output, million SEK | C26: 41885 | D26: 46128 | E26: 93817 | F26: 93729 | G26: 103.38
B27: Emissions, ghg CO2e, 1000 t | C27: 984 | D27: 974 | E27: 1285 | F27: 1212 | G27: 31.91
B28: Emissions, CH4, t | C28: 134 | D28: 151 | E28: 5189 | F28: 5093 | G28: 3328.71
B29: Emissions, N2O, t | C29: 32 | D29: 40 | E29: 481 | F29: 469 | G29: 1110.83
B30: Emission intensity, KG CO2e/ 1000 SEK | C30: 24 | D30: 21 | E30: 14 | F30: 13 | G30: -35.14
B31: Emission intensity, KG CH4/ million SEK | C31: 3.19 | D31: 3.28 | E31: 55.31 | F31: 54.33 | G31: 1585.83
B32: Emission intensity, KG N2O/ million SEK | C32: 0.77 | D32: 0.86 | E32: 5.13 | F32: 5 | G32: 495.34
A33: Product-based data in SCB IOT model, back- and forecasted economic and emission data
A34: Products from Agriculture | B34: Output, million SEK | C34: 56131 | D34: 57456 | E34: 57976 | F34: 59646 | G34: 0.91
B35: Emissions, ghg CO2e, 1000 t | C35: 7216 | D35: 7308 | E35: 7423 | F35: 7414 | G35: 1.58
B36: Emissions, CH4, t | C36: 123445 | D36: 124752 | E36: 121357 | F36: 121547 | G36: -2.72
B37: Emissions, N2O, t | C37: 9407 | D37: 9870 | E37: 10613 | F37: 10546 | G37: 7.53
B38: Emission intensity, SEK/ KG CO2e | C38: 129 | D38: 127 | E38: 128 | F38: 124 | G38: 0.66
B39: Emission intensity, 1000 SEK/ KG CH4 | C39: 2199.2 | D39: 2171.3 | E39: 2093.2 | F39: 2037.8 | G39: -3.59
B40: Emission intensity, 1000 SEK/ KG N2O | C40: 167.6 | D40: 171.8 | E40: 183.1 | F40: 176.8 | G40: 6.56
A41: Products from Forestry | B41: Output, million SEK | C41: 85329 | D41: 90037 | E41: 93817 | F41: 93729 | G41: 4.2
B42: Emissions, ghg CO2e, 1000 t | C42: 984 | D42: 974 | E42: 990 | F42: 936 | G42: 1.58
B43: Emissions, CH4, t | C43: 134 | D43: 151 | E43: 147 | F43: 144 | G43: -2.72
B44: Emissions, N2O, t | C44: 32 | D44: 40 | E44: 43 | F44: 41 | G44: 7.53
B45: Emission intensity, SEK/ KG CO2e | C45: 12 | D45: 11 | E45: 11 | F45: 10 | G45: -2.52
B46: Emission intensity, 1000 SEK/ KG CH4 | C46: 1.57 | D46: 1.68 | E46: 1.57 | F46: 1.53 | G46: -6.64
B47: Emission intensity, 1000 SEK/ KG N2O | C47: 0.38 | D47: 0.44 | E47: 0.46 | F47: 0.44 | G47: 3.19

Sheet conversion factors _WFE_carbon
A1: CN6 | B1: CN_system | C1: Ton carbon per ton mass | D1: m3 WFE per ton mass | E1: Ton carbon per m3 volume | F1: m3 WFE per m3 volume
A2: 391211 | B2: H3 | C2: 0.217 | D2: 1.458 | E2: 0 | F2: 0
A3: 391211 | B3: H4 | C3: 0.217 | D3: 1.458 | E3: 0 | F3: 0
A4: 391211 | B4: H5 | C4: 0.217 | D4: 1.458 | E4: 0 | F4: 0
A5: 391212 | B5: H3 | C5: 0.217 | D5: 1.458 | E5: 0 | F5: 0
A6: 391212 | B6: H4 | C6: 0.217 | D6: 1.458 | E6: 0 | F6: 0
A7: 391212 | B7: H5 | C7: 0.217 | D7: 1.458 | E7: 0 | F7: 0
A8: 391220 | B8: H3 | C8: 0.217 | D8: 1.458 | E8: 0 | F8: 0
A9: 391220 | B9: H4 | C9: 0.217 | D9: 1.458 | E9: 0 | F9: 0
A10: 391220 | B10: H5 | C10: 0.217 | D10: 1.458 | E10: 0 | F10: 0
A11: 391231 | B11: H3 | C11: 0.217 | D11: 1.458 | E11: 0 | F11: 0
A12: 391231 | B12: H4 | C12: 0.217 | D12: 1.458 | E12: 0 | F12: 0
A13: 391231 | B13: H5 | C13: 0.217 | D13: 1.458 | E13: 0 | F13: 0
... A836: 940610 | B836: H5 | C836: 0.411 | D836: 2.015 | E836: 0 | F836: 0

Sheet black_liquor_bottom-up_approach
B2: Bottom-up method 1: Converting energy units to wood fiber equivalents (WFE) and carbon
E3: 2008 | F3: 2009 | G3: 2010 | H3: 2011 | I3: 2012 | J3: 2013 | K3: 2014 | L3: 2015 | M3: 2016 | N3: 2017 | O3: 2018 | P3: 2019 | Q3: 2020 | R3: 2021
B4: 1. Total supply | C4: 1.1.2 Black liquor | D4: TJ | E4: 145032 | F4: 144390 | G4: 146816 | H4: 145855 | I4: 151086 | J4: 151955 | K4: 154603 | L4: 159398 | M4: 157873 | N4: 159053 | O4: 160746 | P4: 169664 | Q4: 175612 | R4: 171506
B5: 3.2 Transformation input | C5: 1.1.2 Black liquor | D5: TJ | E5: 15042 | F5: 17123 | G5: 18611 | H5: 16208 | I5: 17329 | J5: 16667 | K5: 17818 | L5: 18287 | M5: 20522 | N5: 25092 | O5: 25114 | P5: 30696 | Q5: 30677 | R5: 28653
B6: 3.2.4.2.1 CHP -major power producer | C6: 1.1.2 Black liquor | D6: TJ | E6: 604 | F6: 572 | G6: 529 | H6: 407 | I6: 180 | J6: 195 | K6: 220 | L6: 140 | M6: 2240 | N6: 2459 | O6: 1629 | P6: 1618 | Q6: 1559 | R6: 94
B7: 3.2.4.2.2 CHP -Autoproducer | C7: 1.1.2 Black liquor | D7: TJ | E7: 14437 | F7: 16551 | G7: 18082 | H7: 15801 | I7: 17149 | J7: 16472 | K7: 17598 | L7: 18148 | M7: 18282 | N7: 22632 | O7: 23485 | P7: 29078 | Q7: 29118 | R7: 28560
B8: 3.6 Final energy consumption | C8: 1.1.2 Black liquor | D8: TJ | E8: 129991 | F8: 127267 | G8: 128205 | H8: 129647 | I8: 133758 | J8: 135288 | K8: 136785 | L8: 141110 | M8: 137351 | N8: 133961 | O8: 135631 | P8: 138968 | Q8: 144935 | R8: 142852
B9: 3.6.1.1.5 Pulp and paper industry | C9: 1.1.2 Black liquor | D9: TJ | E9: 129991 | F9: 127266 | G9: 128205 | H9: 129646 | I9: 133757 | J9: 135287 | K9: 136785 | L9: 141110 | M9: 137351 | N9: 133961 | O9: 135631 | P9: 138968 | Q9: 144935 | R9: 142852
D11: T dry mass | E11: =(E9+E7)/18.5*1000 -> 7806918.9 | F11: =(F9+F7)/18.5*1000 -> 7773891.9 | G11: =(G9+G7)/18.5*1000 -> 7907405.4 | H11: =(H9+H7)/18.5*1000 -> 7862000 | I11: =(I9+I7)/18.5*1000 -> 8157081.1 | J11: =(J9+J7)/18.5*1000 -> 8203189.2 | K11: =(K9+K7)/18.5*1000 -> 8345027 | L11: =(L9+L7)/18.5*1000 -> 8608540.5 | ... R11: =(R9+R7)/18.5*1000 -> 9265513.5
D12: m3 wfe | E12: =E11/((0.85*0.405)+(0.15*0.526)) -> 18449531 | F12: =F11/((0.85*0.405)+(0.15*0.526)) -> 18371480 | G12: =G11/((0.85*0.405)+(0.15*0.526)) -> 18687003 | H12: =H11/((0.85*0.405)+(0.15*0.526)) -> 18579700 | I12: =I11/((0.85*0.405)+(0.15*0.526)) -> 19277044 | J12: =J11/((0.85*0.405)+(0.15*0.526)) -> 19386008 | K12: =K11/((0.85*0.405)+(0.15*0.526)) -> 19721203 | L12: =L11/((0.85*0.405)+(0.15*0.526)) -> 20343946 | ... R12: =R11/((0.85*0.405)+(0.15*0.526)) -> 21896523
D13: 1000 t carbon | E13: =E12*0.255/1000 -> 4704.6303 | F13: =F12*0.255/1000 -> 4684.7275 | G13: =G12*0.255/1000 -> 4765.1858 | H13: =H12*0.255/1000 -> 4737.8235 | I13: =I12*0.255/1000 -> 4915.6462 | J13: =J12*0.255/1000 -> 4943.432 | K13: =K12*0.255/1000 -> 5028.9068 | L13: =L12*0.255/1000 -> 5187.7061 | ... R13: =R12*0.255/1000 -> 5583.6132
D14: 1000 t co2 | E14: =E13*44/12 -> 17250.311 | F14: =F13*44/12 -> 17177.334 | G14: =G13*44/12 -> 17472.348 | H14: =H13*44/12 -> 17372.019 | I14: =I13*44/12 -> 18024.036 | J14: =J13*44/12 -> 18125.917 | K14: =K13*44/12 -> 18439.325 | L14: =L13*44/12 -> 19021.589 | ... R14: =R13*44/12 -> 20473.249
D15: Tall oil pitch | E15: =E46 -> 506.10162 | F15: =F46 -> 576.73837 | G15: =G46 -> 626.59488 | H15: =H46 -> 610.23279 | I15: =I46 -> 564.25938 | J15: =J46 -> 621.78755 | K15: =K46 -> 695.73755 | L15: =L46 -> 652.84336 | ... R15: =R46 -> 777.92674
D16: TOTAL | E16: =E14+E15 -> 17756.413 | F16: =F14+F15 -> 17754.072 | G16: =G14+G15 -> 18098.943 | H16: =H14+H15 -> 17982.252 | I16: =I14+I15 -> 18588.295 | J16: =J14+J15 -> 18747.705 | K16: =K14+K15 -> 19135.062 | L16: =L14+L15 -> 19674.432 | ... R16: =R14+R15 -> 21251.175
B19: Conversion of TJ to tons absolutely dry: tons (abs dry) = TJ / 18.5*1000
B20: Density by volume of the wood species which are used in Sweden for pulp: 0.405 t/m³ for coniferous (mainly spruce) and 0.558 t/m³ for beech and 0.526 t/m³ for birch.
B21: A factor of 255 kg carbon per m3 wood fiber equivalent was used according to the table with conversion factors, CN codes 4403XX used here
B24: Bottom-up method 2: Converting energy units to CO2 directly
E25: 2008 | F25: 2009 | G25: 2010 | H25: 2011 | I25: 2012 | J25: 2013 | K25: 2014 | L25: 2015 | M25: 2016 | N25: 2017 | O25: 2018 | P25: 2019 | Q25: 2020 | R25: 2021
B26: Pulp and paper industry | C26: Black liquor | D26: 1000 t co2 | E26: =(E9+E7)*95.3/1000 -> 13763.988 | F26: =(F9+F7)*95.3/1000 -> 13705.76 | G26: =(G9+G7)*95.3/1000 -> 13941.151 | H26: =(H9+H7)*95.3/1000 -> 13861.099 | I26: =(I9+I7)*95.3/1000 -> 14381.342 | J26: =(J9+J7)*95.3/1000 -> 14462.633 | K26: =(K9+K7)*95.3/1000 -> 14712.7 | L26: =(L9+L7)*95.3/1000 -> 15177.287 | ... R26: =(R9+R7)*95.3/1000 -> 16335.564
C27: Tall oil pitch | D27: 1000 t co2 | E27: =E46 -> 506.10162 | F27: =F46 -> 576.73837 | G27: =G46 -> 626.59488 | H27: =H46 -> 610.23279 | I27: =I46 -> 564.25938 | J27: =J46 -> 621.78755 | K27: =K46 -> 695.73755 | L27: =L46 -> 652.84336 | ... R27: =R46 -> 777.92674
C28: TOTAL | D28: 1000 t co2 | E28: =SUM(E26:E27) -> 14270.09 | F28: =SUM(F26:F27) -> 14282.498 | G28: =SUM(G26:G27) -> 14567.746 | H28: =SUM(H26:H27) -> 14471.332 | I28: =SUM(I26:I27) -> 14945.601 | J28: =SUM(J26:J27) -> 15084.42 | K28: =SUM(K26:K27) -> 15408.437 | L28: =SUM(L26:L27) -> 15830.131 | ... R28: =SUM(R26:R27) -> 17113.49
B30: A conversion of black liquor to CO2 emissions directly (source: https://www.climatiq.io/data/emission-factor/74fd0118-bb17-4689-a3d3-e39ad2276519)
B31: Emission Factor: 95.3 kg CO₂/GJ
B34: Adding tall oil pitch to both bottom-up methods
E35: 2008 | F35: 2009 | G35: 2010 | H35: 2011 | I35: 2012 | J35: 2013 | K35: 2014 | L35: 2015 | M35: 2016 | N35: 2017 | O35: 2018 | P35: 2019 | Q35: 2020 | R35: 2021
B36: 3.2.4.2.2 CHP -Autoproducer | C36: 1.2.3.1 Tall oil pitch | D36: MWh | E36: 103077 | F36: 88248 | G36: 109661 | H36: 264350 | I36: 242381 | J36: 180614 | K36: 30308 | L36: 43519 | M36: 64535 | N36: 63639 | O36: 105949 | P36: 63058 | Q36: 54138 | R36: 129326
D37: TJ | E37: 371 | F37: 318 | G37: 395 | H37: 952 | I37: 873 | J37: 650 | K37: 109 | L37: 157 | M37: 232 | N37: 229 | O37: 381 | P37: 227 | Q37: 195 | R37: 466
D38: 1000 toe | E38: 9 | F38: 8 | G38: 9 | H38: 23 | I38: 21 | J38: 16 | K38: 3 | L38: 4 | M38: 6 | N38: 5 | O38: 9 | P38: 5 | Q38: 5 | R38: 11
B39: 3.6.1.1.5 Pulp and paper industry | C39: 1.2.3.1 Tall oil pitch | D39: MWh | E39: 1642101 | F39: 1900505 | G39: 2051011 | H39: 1839901 | I39: 1703341 | J39: 1963481 | K39: 2368787 | L39: 2207665 | M39: 2540004 | N39: 2520721 | O39: 2455093 | P39: 2455721 | Q39: 2449615 | R39: 2553180
D40: TJ | E40: 5912 | F40: 6842 | G40: 7384 | H40: 6624 | I40: 6132 | J40: 7069 | K40: 8528 | L40: 7948 | M40: 9144 | N40: 9075 | O40: 8838 | P40: 8841 | Q40: 8819 | R40: 9191
D41: 1000 toe | E41: 141 | F41: 163 | G41: 176 | H41: 158 | I41: 146 | J41: 169 | K41: 204 | L41: 190 | M41: 218 | N41: 217 | O41: 211 | P41: 211 | Q41: 211 | R41: 220
B44: Energy Unit | C44: Approximate CO₂ Emissions (tonnes CO₂)
B45: 1 tonne of TOP | C45: 2.9–3.0 tonnes CO₂
B46: 1 MWh of TOP | C46: 0.28–0.30 tonnes CO₂ | D46: 1000 t CO2 | E46: =(E36*0.29+E39*0.29)/1000 -> 506.10162 | F46: =(F36*0.29+F39*0.29)/1000 -> 576.73837 | G46: =(G36*0.29+G39*0.29)/1000 -> 626.59488 | H46: =(H36*0.29+H39*0.29)/1000 -> 610.23279 | I46: =(I36*0.29+I39*0.29)/1000 -> 564.25938 | J46: =(J36*0.29+J39*0.29)/1000 -> 621.78755 | K46: =(K36*0.29+K39*0.29)/1000 -> 695.73755 | L46: =(L36*0.29+L39*0.29)/1000 -> 652.84336 | ... R46: =(R36*0.29+R39*0.29)/1000 -> 777.92674
B47: 1 TJ of TOP | C47: 78–83 tonnes CO₂ | D47: 1000 t CO2 | E47: =(E37*80+E40*80)/1000 -> 502.64 | F47: =(F37*80+F40*80)/1000 -> 572.8 | G47: =(G37*80+G40*80)/1000 -> 622.32 | H47: =(H37*80+H40*80)/1000 -> 606.08 | I47: =(I37*80+I40*80)/1000 -> 560.4 | J47: =(J37*80+J40*80)/1000 -> 617.52 | K47: =(K37*80+K40*80)/1000 -> 690.96 | L47: =(L37*80+L40*80)/1000 -> 648.4 | ... R47: =(R37*80+R40*80)/1000 -> 772.56
B48: 1 TOE of TOP | C48: 3.3 tonnes CO₂ | D48: 1000 t CO2 | E48: =(E38*3.3+E41*3.3) -> 495 | F48: =(F38*3.3+F41*3.3) -> 564.3 | G48: =(G38*3.3+G41*3.3) -> 610.5 | H48: =(H38*3.3+H41*3.3) -> 597.3 | I48: =(I38*3.3+I41*3.3) -> 551.1 | J48: =(J38*3.3+J41*3.3) -> 610.5 | K48: =(K38*3.3+K41*3.3) -> 683.1 | L48: =(L38*3.3+L41*3.3) -> 640.2 | ... R48: =(R38*3.3+R41*3.3) -> 762.3
